 Dungeon Crawl Stone Soup version 0.31-a0-38-g1548c4f2a5 (webtiles) character file.

Game seed: 7687081020549254634

18346302 Gnu the Conqueror (level 27, 199/199 HPs)
             Began as a Gargoyle Fighter on May 11, 2023.
             Was the Champion of the Shining One.
             Escaped with the Orb
             ... and 15 runes on May 16, 2023!
             The game lasted 10:11:19 (84577 turns).

Gnu the Conqueror (Gargoyle Fighter)               Turns: 84577, Time: 10:11:19

Health: 199/199    AC: 66    Str: 33      XL:     27
Magic:  43/43      EV: 19    Int: 16      God:    the Shining One [******]
Gold:   7897       SH:  0    Dex: 14 (15) Spells: 33/59 levels left

rFire   + + +        R - +7 great mace "Firestarter" {flame, immolate, rFlCloud rF++}
rCold   + + +        (shield currently unavailable)
rNeg    + + +        o - +8 orange crystal plate armour {Archmagi, Int+3 Clar}
rPois   ∞            M - -2 hat of the Alchemist {rElec rPois rF+ rC+ rN+ Will+ rMut rCorr}
rElec   +            s - scarf of a Million Queens {harm, +Blink Will+ Dex+2}
rCorr   +            W - +3 pair of gauntlets of War {Slay+5}
SInv    .            B - +1 pair of boots of Juschuim {rF++ Int+3}
Will    +++++        X - amulet of Byfuenn {Regen+ Str+3 Int+2 Slay+3} Stlth
                     h - ring of Ezaras {Wiz rC+ rCorr Slay+2}
HPRegen 1.33/turn    z - ring "Qical" {Fly rC+ Will++ Int-5 Dex+6}
MPRegen 0.28/turn

%: harm (+30% outgoing, +20% incoming), clarity, resist mutation, wizardry (x1),
archmagi
@: flying, glowing, studying 9 skills
A: sickness immunity, AC +20, big wings, negative energy resistance 1,
electricity resistance, torment resistance 1, petrification resistance, clumsy 1
0: Orb of Zot
}: 15/15 runes: serpentine, barnacled, slimy, silver, golden, iron, obsidian,
icy, bone, abyssal, demonic, glowing, magical, fiery, dark
a: Renounce Religion, Evoke Blink, Divine Shield, Cleansing Flame, Summon Divine
Warrior


You escaped.
You worshipped the Shining One.
The Shining One was exalted by your worship.
You visited 18 branches of the dungeon, and saw 88 of its levels.
You visited Pandemonium 1 time, and saw 13 of its levels.
You visited the Abyss 1 time.
You visited 2 ziggurats (completing 1), and saw 46 of their levels.
You also visited: Sewer and Gauntlet.

You collected 19982 gold pieces.
You spent 12085 gold pieces at shops.

Inventory:

Hand Weapons
 K - a +9 eveningstar of holy wrath
 Q - the +10 morningstar of Internal Strife {flame, rF+ rN+ Int+5 Dex-2}
   (You took it off an orc warrior on level 5 of the Vaults)

   Int:       It affects your intelligence (+5).
   Dex:       It affects your dexterity (-2).
   rF:        It protects you from fire.
   rN:        It protects you from negative energy.
 R - the +7 great mace "Firestarter" (weapon) {flame, immolate, rFlCloud rF++}
   (You found it on level 20 of a ziggurat)

   rFlCloud:  It grants immunity to clouds of flame.
   rF:        It greatly protects you from fire.
Missiles
 L - 6 throwing nets
Armour
 o - the +8 orange crystal plate armour (worn) {Archmagi, Int+3 Clar}
   (You acquired it on level 4 of the Depths)

   Int:       It affects your intelligence (+3).
   Clar:      It protects you from confusion, rage, mesmerisation and fear.
 s - the scarf of a Million Queens (worn) {harm, +Blink Will+ Dex+2}
   (You found it on level 3 of the Elven Halls)

   Dex:       It affects your dexterity (+2).
   +Blink:    It lets you blink.
   Will:      It increases your willpower.
 B - the +1 pair of boots of Juschuim (worn) {rF++ Int+3}
   (You found it on level 3 of the Elven Halls)

   Int:       It affects your intelligence (+3).
   rF:        It greatly protects you from fire.
 M - the -2 hat of the Alchemist (worn) {rElec rPois rF+ rC+ rN+ Will+ rMut rCorr}
   (You found it on level 18 of a ziggurat)

   rF:        It protects you from fire.
   rC:        It protects you from cold.
   rElec:     It insulates you from electricity.
   rPois:     It protects you from poison.
   rN:        It protects you from negative energy.
   rCorr:     It protects you from acid and corrosion.
   rMut:      It protects you from mutation.
   Will:      It increases your willpower.
 U - the +0 pair of fencer's gloves {Riposte Dex+3}
   (You found it on level 15 of a ziggurat)

   Riposte:   It allows the wearer to riposte with melee weapons, swiftly
   retaliating against missed or blocked melee attacks.
   Dex:       It affects your dexterity (+3).
 V - the +5 Storm Queen's Shield {shock, Fly rElec}
   (You bought it in a shop on level 3 of the Snake Pit)

   Shock:     When it blocks an attack, it may electrocute the attacker.
   This works even against foes who are a short distance away.
   rElec:     It insulates you from electricity.
   Fly:       It grants you flight.
 W - the +3 pair of gauntlets of War (worn) {Slay+5}
   (You bought it in a shop on level 3 of the Snake Pit)

   Slay:      It affects your accuracy & damage with ranged weapons and melee
   (+5).
Jewellery
 h - the ring of Ezaras (left hand) {Wiz rC+ rCorr Slay+2}
   (You found it on level 3 of the Crypt)

   [ring of wizardry]

   It improves your spell success rate.
   Slay:      It affects your accuracy & damage with ranged weapons and melee
   (+2).
   rC:        It protects you from cold.
   rCorr:     It protects you from acid and corrosion.
 r - the ring of Megalomania {rElec Will++ EV+5}
   (You found it on level 12 of a ziggurat)

   [ring of evasion]

   EV:        It affects your evasion (+5).
   rElec:     It insulates you from electricity.
   Will:      It greatly increases your willpower.
 z - the ring "Qical" (right hand) {Fly rC+ Will++ Int-5 Dex+6}
   (You found it in a Gauntlet)

   [ring of dexterity]

   Int:       It affects your intelligence (-5).
   Dex:       It affects your dexterity (+6).
   rC:        It protects you from cold.
   Fly:       It grants you flight.
   Will:      It greatly increases your willpower.
 E - a ring of ice
 X - the amulet of Byfuenn (around neck) {Regen+ Str+3 Int+2 Slay+3}
   (You found it in Pandemonium)

   [amulet of regeneration]

   Str:       It affects your strength (+3).
   Int:       It affects your intelligence (+2).
   Slay:      It affects your accuracy & damage with ranged weapons and melee
   (+3).
   Regen:     It increases your rate of health regeneration.
Wands
 y - a wand of flame (13)
 N - a wand of iceblast (4)
 S - a wand of digging (48)
Scrolls
 b - 28 scrolls of amnesia
 c - 7 scrolls of summoning
 k - 23 scrolls of immolation
 m - 10 scrolls of poison
 n - 68 scrolls of teleportation
 q - 14 scrolls of silence
 t - 7 scrolls of brand weapon
 u - 15 scrolls of fog
 A - 15 scrolls of fear
 D - 13 scrolls of noise
 G - 22 scrolls of blinking
 I - 35 scrolls of enchant weapon
 J - 24 scrolls of magic mapping
 O - 21 scrolls of vulnerability
 T - 17 scrolls of enchant armour
Potions
 a - 38 potions of mutation
 d - 7 potions of might (quivered)
 e - 21 potions of brilliance
 f - 5 potions of resistance
 i - 57 potions of curing
 j - 13 potions of lignification
 l - 3 potions of magic
 p - 18 potions of haste
 v - 8 potions of heal wounds
 w - 9 potions of attraction
 x - 3 potions of ambrosia
 C - 13 potions of berserk rage
 F - 7 potions of cancellation
Miscellaneous
 H - a lightning rod (4/4)
 P - a condenser vane
 Y - a phantom mirror


   Skills:
 O Level 27 Fighting
 O Level 27 Maces & Flails
 O Level 27 Armour
 O Level 27 Dodging
 O Level 27 Shields
 + Level 16.7 Spellcasting
 O Level 27 Hexes
 O Level 27 Translocations
 O Level 27 Earth Magic
 O Level 27 Invocations


You had 33 spell levels left.
You knew the following spells:

 Your Spells              Type           Power      Damage    Failure   Level
a - Lesser Beckoning      Tloc           100%       N/A       0%          2
b - Gell's Gravitas       Tloc           99%        N/A       0%          3
c - Manifold Assault      Tloc           99%        N/A       0%          4
d - Dispersal             Tloc           49%        N/A       1%          6
e - Vhi's Electric Charg  Tloc/Air       100%       N/A       1%          3
f - Disjunction           Tloc           49%        N/A       1%          8

Your spell library contained the following spells:

 Spells                   Type           Power      Damage    Failure   Level
 Apportation              Tloc           100%       N/A       0%          1
 Sandblast                Erth           100%       2d20      0%          1
 Slow                     Hex            100%       N/A       0%          1
 Blink                    Tloc           100%       N/A       0%          2
 Confusing Touch          Hex            99%        N/A       0%          3
 Portal Projectile        Hex/Tloc       100%       N/A       0%          3
 Teleport Other           Tloc           99%        N/A       0%          3
 Tukima's Dance           Hex            99%        N/A       0%          3
 Cause Fear               Hex            49%        N/A       0%          4
 Leda's Liquefaction      Hex/Erth       49%        N/A       0%          4
 Passage of Golubria      Tloc           99%        N/A       0%          4
 Lee's Rapid Deconstruct  Erth           49%        3d23*     0%          5
 Ensorcelled Hibernation  Hex/Ice        100%       N/A       1%          2
 Momentum Strike          Conj/Tloc      100%       3d10      1%          2
 Passwall                 Tmut/Erth      59%        N/A       1%          2
 Dazzling Flash           Conj/Hex       100%       N/A       1%          3
 Inner Flame              Hex/Fire       71%        N/A       1%          3
 Stone Arrow              Conj/Erth      100%       3d13      1%          3
 Summon Guardian Golem    Hex/Summ       71%        N/A       1%          3
 Volatile Blastmotes      Fire/Tloc      100%       2d18      1%          3
 Anguish                  Hex/Necr       35%        N/A       1%          4
 Animate Armour           Summ/Erth      100%       N/A       1%          4
 Fulminant Prism          Conj/Hex       35%        3d18      1%          4
 Iskenderun's Mystic Bla  Conj/Tloc      71%        2d14      1%          4
 Petrify                  Tmut/Erth      71%        N/A       1%          4
 Metabolic Englaciation   Hex/Ice        35%        N/A       1%          5
 Silence                  Hex/Air        35%        N/A       1%          5
 Summon Forest            Summ/Tloc      35%        N/A       1%          5
 Summon Mana Viper        Hex/Summ       71%        N/A       1%          5
 Yara's Violent Unravell  Hex/Tmut       35%        3d14      1%          5
 Enfeeble                 Hex            49%        N/A       1%          7
 Discord                  Hex            49%        N/A       1%          8
 Iron Shot                Conj/Erth      35%        9d7       4%          6
 Beastly Appendage        Tmut           40%        N/A       9%          1
 Foxfire                  Conj/Fire      80%        2x1d8     9%          1
 Freeze                   Ice            80%        1d9       9%          1
 Kiss of Death            Conj/Necr      80%        2d11      9%          1
 Magic Dart               Conj           80%        1d7       9%          1
 Necrotise                Necr           80%        1d8       9%          1
 Shock                    Conj/Air       80%        1d8       9%          1
 Sting                    Tmut/Pois      80%        1d7       9%          1
 Summon Small Mammal      Summ           80%        N/A       9%          1
 Call Imp                 Summ           40%        N/A       12%         2
 Poisonous Vapours        Pois/Air       40%        N/A       12%         2
 Scorch                   Fire           40%        2d7       12%         2
 Searing Ray              Conj           40%        2d5       12%         2
 Static Discharge         Conj/Air       40%        2-4/arc   12%         2
 Wereblood                Tmut           20%        N/A       12%         2
 Shatter                  Erth           49%        3d38*     13%         9
 Call Canine Familiar     Summ           20%        N/A       24%         3
 Frozen Ramparts          Ice            40%        1d7       24%         3
 Hailstorm                Conj/Ice       20%        3d6       24%         3
 Ignite Poison            Fire/Tmut/Pois 20%        N/A       24%         3
 Mephitic Cloud           Conj/Pois/Air  20%        N/A       24%         3
 Ozocubu's Armour         Ice            20%        N/A       24%         3
 Spider Form              Tmut/Pois      20%        N/A       24%         3
 Swiftness                Air            20%        N/A       24%         3
 Vampiric Draining        Necr           20%        2d7       24%         3
 Malign Gateway           Summ/Tloc      35%        N/A       26%         7
 Airstrike                Air            10%        2d(2-18)  58%         4
 Dispel Undead            Necr           20%        3d11      58%         4
 Flame Wave               Conj/Fire      20%        2d7       58%         4
 Ice Form                 Ice/Tmut       20%        N/A       58%         4
 Olgreb's Toxic Radiance  Pois           20%        N/A       58%         4
 Sticky Flame             Conj/Fire      20%        2d4       58%         4
 Summon Ice Beast         Ice/Summ       20%        N/A       58%         4
 Summon Lightning Spire   Summ/Air       20%        N/A       58%         4
 Lehudib's Crystal Spear  Conj/Erth      35%        10d9      88%         8
 Agony                    Necr           20%        N/A       89%         5
 Alistair's Intoxication  Tmut/Pois      13%        N/A       89%         5
 Arcjolt                  Conj/Air       10%        1d20      89%         5
 Blade Hands              Tmut           10%        N/A       89%         5
 Fireball                 Conj/Fire      10%        3d6       89%         5
 Freezing Cloud           Conj/Ice/Air   10%        6-21      89%         5
 Irradiate                Conj/Tmut      10%        3d15      89%         5
 Iskenderun's Battlesphe  Conj           20%        2d7       89%         5
 Conjure Ball Lightning   Conj/Air       10%        3x3d6     100%        6
 Eringya's Noxious Bog    Tmut/Pois      10%        N/A       100%        6
 Plasma Beam              Fire/Air       10%        2x1d23    100%        6
 Simulacrum               Ice/Necr       10%        N/A       100%        6
 Starburst                Conj/Fire      10%        6d5       100%        6
 Summon Cactus Giant      Summ           10%        N/A       100%        6
 Dragon Form              Tmut           10%        N/A       100%        7
 Monstrous Menagerie      Summ           10%        N/A       100%        7
 Orb of Destruction       Conj           10%        9d6       100%        7
 Ozocubu's Refrigeration  Ice            10%        4d9       100%        7
 Spellforged Servitor     Conj/Summ      10%        N/A       100%        7
 Storm Form               Tmut/Air       10%        N/A       100%        7
 Summon Hydra             Summ           10%        N/A       100%        7
 Ignition                 Fire           10%        3d5       100%        8
 Maxwell's Capacitive Co  Air            10%        ∞         100%        8
 Necromutation            Tmut/Necr      10%        N/A       100%        8
 Chain Lightning          Conj/Air       10%        3d13      100%        9
 Dragon's Call            Summ           10%        N/A       100%        9
 Fire Storm               Conj/Fire      10%        8d3       100%        9
 Polar Vortex             Ice            10%        N/A       100%        9
 Statue Form              Tmut/Erth      Unusable   N/A       N/A         6
 Cigotuvi's Dreadful Rot  Necr/Pois/Air  Unusable   N/A       N/A         2
 Sublimation of Blood     Necr           Unusable   N/A       N/A         2

Dungeon Overview and Level Annotations

Branches:
Dungeon (15/15)            Temple (1/1) D:7            Lair (5/5) D:10
 Shoals (4/4) Lair:2        Snake (4/4) Lair:2        Slime (5/5) Lair:5
    Orc (2/2) D:12            Elf (3/3) Orc:2        Vaults (5/5) D:13
  Crypt (3/3) Vaults:2       Tomb (3/3) Crypt:3      Depths (4/4) D:15
   Hell (visited)             Dis (7/7) Hell            Geh (7/7) Hell
    Coc (7/7) Hell            Tar (7/7) Hell            Zot (5/5) Depths:4
  Sewer (visited)         Gauntlet (visited)

Altars:
Ashenzari
Cheibriados
Dithmenos
Elyvilon
Fedhas
Gozag
Hepliaklqana
Kikubaaqudgha
Makhleb
Nemelex Xobeh
Okawaru
Qazlal
Ru
Sif Muna
Uskayaw
Vehumet
Wu Jian
Xom
Yredelemnul
Zin
The Shining One
Jiyva

Shops:
D:6 (*?[   D:7 *   D:11 *   D:13 [   D:15 :   Orc:2 (:[=(   Elf:2 :**
Shoals:2 :   Snake:3 ([:*   Vaults:1 !   Vaults:5 (   Depths:1 **   Depths:2 [

Portals:
Hell: Depths:1 Depths:2 Depths:3 Depths:4
Abyss: Depths:2 Depths:3
Pandemonium: Depths:1 Depths:2 Depths:4
Ziggurat: Tomb:3

Annotations:
D:3 1 transporter


Innate Abilities, Weirdness & Mutations

You are immune to sickness and miasma.
Your stone body is resilient. (AC +20)
You are immune to poison.
Your large and strong wings let you fly.
You resist negative energy. (rN+)
You are resistant to electric shocks. (rElec)
You are resistant to unholy torment.
You are immune to petrification.
You are clumsy. (Dex -2)


Message History

You fly upwards.
There is a stone staircase leading down here.
There is a stone staircase leading up here.
You fly upwards.
There is a stone staircase leading down here.
There is an open door here.
There is a stone staircase leading up here.
You fly upwards.
There is a stone staircase leading down here.
There is a stone staircase leading up here.
You fly upwards.
Level annotation: 1 transporter
There is a stone staircase leading down here.
Items here: ( )))))) [.
You see here a +0 dagger.
You see here a +0 ring mail.
There is a stone staircase leading up here.
You fly upwards.
There is a stone staircase leading down here.
There is a stone staircase leading up here.
You fly upwards.
There is a stone staircase leading down here.
There is a dry fountain here.
You reach down and open the door.
An Orb Guardian comes into view.
There is an open door here.
You bludgeon the Orb Guardian!! You burn the Orb Guardian!
The Orb Guardian is filled with an inner flame.
The Orb Guardian is severely wounded.
The Orb Guardian hits you but does no damage.
You sock the Orb Guardian!
Flame seeps out of the Orb Guardian.
You burn the Orb Guardian.
Flame seeps out of the Orb Guardian.
The Orb Guardian is almost dead.
The Orb Guardian is engulfed in blazing flames.
The Orb Guardian explodes!
The fiery explosion engulfs you. You resist.
You feel your intelligence returning.
You drop a +4 ring of protection.
There is a staircase leading out of the dungeon here.
You have escaped!

#########
#.......#
#...@=..#
#...)...#
#...#...#
#...#...#
#...#§§§#
#...>..☼#
##.###§##
#'# #'#
#######
#.# #.#
#.....#


There were no monsters in sight!

Vanquished Creatures
  Cerebov (Pan)
  Antaeus (Coc:7)
  Asmodeus (Geh:7)
  the Royal Jelly (Slime:5)
  Ereshkigal (Tar:7)
  Gloorx Vloq (Pan)
  Dissolution (Slime:4)
  Lom Lobon (Pan)
  the Serpent of Hell (Geh:7)
  Mnoleg (Pan)
  14 dread liches
  3 orbs of fire
  The ghost of nago the Cloud Mage, a legendary HuAE of Vehumet (Zot:2)
  16 ancient liches
  The ghost of Odghynix the Wrestler, a master TrAr of Okawaru (Zot:4)
  Dispater (Dis:7)
  Mara (Vaults:4)
  The ghost of erloom the Invulnerable, a veteran MiFi of Okawaru (Zot:2)
  Sojobo (Depths:1)
  45 royal mummies
  31 shard shrikes
  16 Killer Klowns
  Frederick (Crypt:2)
  Bai Suzhen (Vaults:2)
  Margery (Vaults:4)
  2 curse toes
  Xtahua (Vaults:4)
  Geryon (Hell)
  46 caustic shrikes
  The ghost of Qode the Earth Mage, a veteran GnHW of Vehumet (Crypt:1)
  Jory (Crypt:1)
  7 profane servitors
  A pearl dragon (Pan)
  18 pandemonium lords
  27 golden dragons
  10 iron giants
  22 doom hounds
  16 Tzitzimimeh
  2 electric golems
  29 bone dragons
  15 hellephants
  19 Brimstone Fiends
  Zenata (Crypt:1)
  20 Hell Sentinels
  45 Ice Fiends
  23 Orb Guardians
  16 tainted leviathans
  18 tentacled monstrosities
  22 liches
  11 deep elf master archers
  7 quicksilver dragons
  26 searing wretches
  36 titans
  8 deep elf blademasters
  16 Executioners (Pan)
  19 sphinxes
  A kraken (Shoals:1)
  45 ancient champions
  28 acid blobs
  The ghost of Vait Lei the Warlock, an adept GnAE of Vehumet (Shoals:1)
  6 tentacled starspawn
  Murray (Hell)
  10 death cobs
  Gastronok (D:10)
  21 tengu reavers
  9 shadow dragons
  15 storm dragons
  16 daevas (Pan)
  13 nagarajas
  8 revenants
  9 draconian monks
  Roxanne (Elf:2)
  21 azure jellies
  10 rockslimes
  An azure jelly (shapeshifter) (Zig:9)
  19 fire giants
  12 deep elf sorcerers
  31 narguns
  16 draconian scorchers
  5 emperor scorpions (Zig:18)
  10 ghost moths
  16 quicksilver elementals
  9 demonspawn warmongers
  Aizul (Snake:4)
  29 vault wardens
  A spectral caustic shrike (Tar:4)
  9 draconian knights
  14 frost giants
  50 balrugs
  7 draconian shifters
  10 iron dragons
  8 curse skulls
  A ghost moth (shapeshifter) (Zig:24)
  2 spectral juggernauts
  29 cacodemons
  2 caustic shrike zombies (Zig:25)
  A deep elf elementalist (Elf:3)
  18 draconian annihilators
  A juggernaut zombie (Zig:15)
  7 shard shrike simulacra
  12 draconian stormcallers
  22 ironbound preservers
  26 reapers
  5 demonspawn corrupters
  6 ghouls
  A quicksilver ooze (shapeshifter) (Zig:10)
  23 stone giants
  17 angels (Pan)
  42 very ugly things
  6 caustic shrike skeletons
  16 vampire knights
  45 war gargoyles
  13 ophanim (Pan)
  18 demonspawn blood saints
  2 eleionomae (Zig:7)
  7 quicksilver oozes
  15 deep elf demonologists
  9 ironbound thunderhulks
  27 elemental wellsprings
  10 black draconians
  11 green draconians
  6 demonspawn black suns
  13 purple draconians
  14 apis (Pan)
  14 bennus
  23 deep elf annihilators
  14 lorocyprocas
  21 putrid mouths
  Snorg (D:11)
  14 yellow draconians
  A dire elephant (shapeshifter) (Zig:19)
  5 spark wasps
  28 wendigos
  A minotaur (Gauntlet)
  13 red draconians
  13 white draconians
  28 eidola
  A spectral titan (Tar:1)
  11 deep elf death magi
  18 ettins
  An acid blob zombie (Crypt:1)
  7 dire elephants
  A crystal guardian (Hell)
  26 blizzard demons
  9 merfolk javelineers
  4 fire dragons
  8 green deaths (Pan)
  7 merfolk impalers
  A quicksilver dragon zombie (Zig:15)
  3 spectral spriggans
  21 yaktaur captains
  8 great orbs of eyes
  60 mummy priests
  9 entropy weavers
  33 iron golems
  15 deep elf high priests
  Harold (D:9)
  9 ice dragons
  34 vault guards
  A hydra (shapeshifter) (Zig:15)
  20 jiangshi
  25 salamander tyrants
  2 ogre magi
  4 peacekeepers
  8 hell beasts
  3 rakshasas
  An ice dragon (shapeshifter) (Zig:24)
  9 ironbound frosthearts
  6 spriggan air magi
  A jorogumo (Zig:18)
  10 anacondas
  18 stokers
  16 caustic shrike simulacra
  7 satyrs
  7 merfolk aquamancers
  2 merfolk avatars
  An alligator snapping turtle (shapeshifter) (Zig:19)
  7 boulder beetles
  14 hydras
  2 alligator snapping turtles
  A fenstrider witch skeleton (Pan)
  16 juggernaut simulacra
  8 catoblepae
  35 dancing weapons
  18 vampire magi
  11 death yaks
  16 centaur warriors
  A two-headed ogre (shapeshifter) (Zig:13)
  A death knight (Vaults:2)
  An alligator (shapeshifter) (Zig:24)
  29 hell hogs
  10 tengu warriors
  82 death scarabs
  2 two-headed ogres
  21 naga warriors
  4 deep troll shamans
  7 thrashing horrors
  A spectral storm dragon (Tar:1)
  4 titan zombies
  11 shock serpents
  A spectral naga (Tar:2)
  9 hell knights
  7 crystal echidnas
  18 deep elf knights
  20 naga sharpshooters
  2 spriggan berserkers
  2 shock serpents (shapeshifter)
  23 soul eaters
  4 storm dragon zombies
  9 wretched stars
  5 orc high priests (Orc:2)
  57 sun demons
  5 deep troll earth magi
  A titan skeleton (Depths:3)
  11 iron trolls
  10 salamander mystics
  A pharaoh ant (Zig:18)
  38 sixfirhies
  A golden dragon zombie (Zig:25)
  6 skysharks
  A death drake (shapeshifter) (Zig:15)
  2 sea snakes (shapeshifter)
  2 death drakes (Zig:17)
  15 sea snakes
  Lodul (D:9)
  32 shadow wraiths
  41 skeletal warriors
  A spriggan druid (Zig:22)
  A storm dragon skeleton (Pan)
  13 cherubim
  4 glowing orange brains
  A spatial maelstrom (Abyss:2)
  9 naga ritualists
  12 flayed ghosts
  A goliath frog (Zig:7)
  2 spectral anacondas (Tar:4)
  A deep troll (shapeshifter) (Zig:13)
  6 quicksilver dragon simulacra
  7 shadow demons
  An anaconda zombie (Abyss:2)
  42 deep trolls
  2 orb spiders (Zig:18)
  4 swamp dragons
  An orb spider (shapeshifter) (Zig:24)
  9 deep elf archers
  A bog body (Crypt:3)
  5 obsidian statues
  A bunyip skeleton (Tomb:2)
  A spectral iron dragon (Tar:4)
  8 lindwurms
  15 wizards
  An iron giant skeleton (Crypt:1)
  9 orc knights
  4 shadow dragon zombies
  2 orange crystal statues (Hell)
  2 lindwurms (shapeshifter)
  2 golden dragon skeletons
  A tengu zombie (Zig:25)
  25 ironbound convokers
  3 steelbarb worms (Zig:18)
  10 spriggan simulacra
  An oklob plant (Zig:22)
  4 harpies
  35 deep elf pyromancers
  Pikel (D:4)
  A harpy (shapeshifter) (Zig:26)
  20 necromancers
  17 phantasmal warriors
  26 deep elf zephyrmancers
  3 shadow dragon skeletons
  2 will-o-the-wisps
  48 ugly things
  5 wolf spiders
  7 mana vipers
  4 tengu skeletons
  20 manticores
  8 salamanders
  A sphinx skeleton (Zig:25)
  2 fauns (shapeshifter) (Zig:19)
  22 elephants
  2 wolf spiders (shapeshifter) (Zig:10)
  13 shining eyes
  12 moths of wrath
  4 orc sorcerers
  4 worldbinders
  12 cyclopes
  A manticore (shapeshifter) (Zig:9)
  20 fauns
  A spectral ettin (Tar:1)
  2 goliath frog skeletons
  50 black mambas
  A spectral centaur (Tar:2)
  An iron dragon skeleton (Zig:25)
  5 merfolk sirens
  18 guardian serpents
  An eleionoma skeleton (Crypt:1)
  Maurice (D:11)
  A guardian serpent (shapeshifter) (Vaults:4)
  36 naga magi
  8 apocalypse crabs
  3 molten gargoyles (Hell)
  5 eyes of devastation
  25 vault sentinels
  A rust devil (Depths:1)
  71 smoke demons
  5 water nymphs
  An eye of devastation (shapeshifter) (Zig:10)
  31 orange demons
  25 demonic crawlers
  4 naga skeletons
  A torpor snail (shapeshifter) (Zig:24)
  37 hellions
  A dire elephant skeleton (Pan)
  A cane toad (shapeshifter) (Zig:26)
  6 titan simulacra
  17 cane toads
  2 centaur skeletons
  5 gargoyles
  5 torpor snails
  2 unseen horrors
  2 ice statues (Coc:7)
  A catoblepas zombie (Tomb:3)
  2 unseen horrors (shapeshifter)
  A bunyip simulacrum (Coc:1)
  22 freezing wraiths
  2 minotaur zombies (Gauntlet)
  6 rime drakes
  Psyche (D:11)
  16 komodo dragons
  15 yaktaurs
  An anaconda simulacrum (Coc:5)
  5 ice devils
  A sea snake zombie (Crypt:3)
  30 tormentors
  3 efreet (Pan)
  2 komodo dragons (shapeshifter)
  5 silent spectres
  4 tengu conjurers
  An iron giant simulacrum (Coc:3)
  A queen bee (shapeshifter) (Vaults:4)
  2 ancient zymes
  101 guardian mummies
  A harpy zombie (Tomb:3)
  3 spectral harpies
  4 red devils
  A shadow dragon simulacrum (Zig:21)
  19 merfolk
  4 meliai (Abyss:3)
  2 merfolk (shapeshifter)
  2 sphinx simulacra
  26 hellwings
  A queen bee (Abyss:3)
  7 trolls
  A tarantella (shapeshifter) (Zig:24)
  A mana viper skeleton (Crypt:3)
  A hornet (Zig:13)
  3 polar bears
  9 wind drakes
  8 raiju
  13 blink frogs
  A tyrant leech (Zig:7)
  A moth of wrath zombie (Crypt:3)
  2 raiju (shapeshifter)
  3 dream sheep
  4 harpy skeletons
  Prince Ribbit (D:6)
  A tengu simulacrum (Zig:15)
  4 iron dragon simulacra
  A fire giant simulacrum (Depths:3)
  2 stone giant simulacra
  45 flying skulls
  101 slime creatures
  A shadow (Abyss:3)
  4 jumping spiders (Zig:18)
  A jumping spider (shapeshifter) (Zig:15)
  8 snapping turtles
  8 air elementals
  2 centaur simulacra
  2 culicivoras (Zig:18)
  6 wraiths
  5 dire elephant simulacra
  25 ynoxinuls
  An ettin skeleton (Pan)
  10 wyverns
  An alligator snapping turtle simulacrum (Coc:2)
  3 basilisks
  45 large abominations
  Grum (D:9)
  20 water elementals
  33 yaks
  28 ushabtiu
  32 starcursed masses
  Eustachio (D:4)
  A fire bat (Abyss:2)
  A golden eye (shapeshifter) (Zig:15)
  16 golden eyes
  A basilisk (shapeshifter) (Zig:19)
  20 chaos spawn
  9 fire elementals
  36 neqoxecs
  2 vampire mosquitoes (D:14)
  7 humans (D:13)
  7 steam dragons
  4 redbacks
  55 nagas
  A naga zombie (Crypt:3)
  A faun zombie (Crypt:2)
  A warg (Orc:1)
  28 harpy simulacra
  3 hydra simulacra
  2 deep troll zombies
  A glowing shapeshifter zombie (Zig:23)
  An acid dragon (Zig:17)
  6 hell hounds
  A deep troll skeleton (Crypt:3)
  18 water moccasins
  45 orc warriors
  3 glowing shapeshifter skeletons
  2 floating eyes (shapeshifter)
  A black bear (shapeshifter) (D:15)
  A swamp drake (Zig:17)
  2 sky beasts
  A sky beast (shapeshifter) (D:14)
  7 ettin simulacra
  3 ice beasts
  16 ogres
  A wolf (shapeshifter) (Elf:3)
  A swamp dragon skeleton (Pan)
  2 centaurs (shapeshifter)
  9 wolves
  A hog zombie (Crypt:2)
  13 centaurs
  An elephant skeleton (Crypt:1)
  A lemure (D:4)
  4 kobold brigands
  5 small abominations (Abyss:2)
  2 necrophages (Crypt:2)
  A scorpion (D:10)
  13 bullfrogs
  8 earth elementals
  An elf skeleton (Crypt:2)
  4 wights (D:7)
  A naga simulacrum (Coc:6)
  2 spriggan zombies
  6 killer bees (D:11)
  2 howler monkeys
  4 spriggan skeletons
  3 electric eels (Snake:2)
  A centaur zombie (Crypt:2)
  2 gnoll boudas
  40 orc priests
  6 jellies
  Crazy Yiuf (D:2)
  A bullfrog skeleton (Crypt:1)
  2 sleepcaps
  Natasha (thrice) (D:3)
  3 iguanas
  3 lightning spires (Zig:19)
  23 orc wizards
  4 hell rats (Hell)
  A killer bee zombie (Crypt:3)
  142 mummies
  Robin (D:3)
  20 gnolls
  6 adders
  2 river rats (Sewer)
  3 white imps
  An ufetubus (D:5)
  A worm (Sewer)
  2 dart slugs
  117 orcs
  20 endoplasms
  6 giant cockroaches
  10 goblins
  8 hobgoblins
  21 kobolds
  6 quokkas
  7 ball pythons
  8 bats
  2 frilled lizards
  A frilled lizard skeleton (Crypt:3)
  A goblin skeleton (Crypt:2)
  8 rats
  2 ball lightnings (Pan)
  4 creeping infernos
  32 fire vortices
  A starspawn tentacle (Abyss:2)
  A tentacle (Shoals:1)
5270 creatures vanquished.

Vanquished Creatures (collateral kills)
  A seraph (Pan)
  2 royal mummies (Tomb:3)
  Saint Roka (Vaults:5)
  Boris (Vaults:4)
  A golden dragon (Zig:15)
  2 profane servitors
  2 pandemonium lords
  4 bone dragons
  An iron giant (Dis:7)
  2 deep elf master archers (Zig:18)
  A kraken (Shoals:1)
  A shadow dragon (Vaults:5)
  2 daevas (Pan)
  A revenant (Zig:14)
  A storm dragon (Vaults:5)
  A rockslime (Slime:5)
  A demonspawn warmonger (Zig:14)
  An iron dragon (Zig:17)
  2 balrugs
  A juggernaut zombie (Tomb:3)
  A draconian stormcaller (Depths:4)
  A war gargoyle (Zig:15)
  2 ironbound preservers (Zig:15)
  3 cacodemons (Pan)
  A ghoul (Zig:13)
  2 reapers
  A demonspawn blood saint (Zig:14)
  A quicksilver ooze (Slime:5)
  3 very ugly things
  An angel (Pan)
  A vampire knight (Zig:13)
  2 deep elf annihilators (Zig:18)
  A deep elf demonologist (Zig:18)
  2 merfolk javelineers (Shoals:4)
  A merfolk impaler (Shoals:4)
  3 eidola (Zig:13)
  2 yaktaur captains
  A deep elf high priest (Zig:18)
  A great orb of eyes (Slime:5)
  2 vault guards
  A merfolk avatar (Shoals:4)
  A spriggan air mage (Depths:4)
  An ice dragon (Zig:17)
  An alligator snapping turtle (Shoals:4)
  4 dancing weapons
  A merfolk aquamancer (Shoals:3)
  A deep troll earth mage (Depths:1)
  A vampire mage (Zig:14)
  3 death scarabs (Tomb:3)
  3 hell hogs (Depths:4)
  2 thrashing horrors (Zig:19)
  3 hell knights
  4 deep elf knights
  3 sixfirhies (Pan)
  A sun demon (Depths:4)
  2 wretched stars
  A cherub (Pan)
  2 flayed ghosts
  4 sea snakes
  2 swamp dragons (Zig:17)
  A naga ritualist (Snake:4)
  5 deep elf archers
  An ironbound convoker (Vaults:5)
  A phantasmal warrior (Zig:14)
  3 deep elf pyromancers (Zig:18)
  4 manticores
  3 deep elf zephyrmancers
  3 fauns
  2 merfolk sirens
  A water nymph (Shoals:4)
  2 vault sentinels
  An ice statue (Depths:4)
  2 smoke demons (Zig:19)
  A freezing wraith (Depths:4)
  A rime drake (Zig:17)
  2 ancient zymes
  An ice devil (Zig:12)
  A meliai (Abyss:3)
  4 merfolk (Shoals:4)
  3 wind drakes
  3 raiju (Abyss:3)
  A snapping turtle (Shoals:1)
  A dream sheep (Shoals:3)
  4 water elementals (Shoals:4)
  A golden eye (Pan)
  5 starcursed masses
  A neqoxec (Zig:19)
  2 chaos spawn
  An acid dragon (Zig:17)
  2 large abominations
  A swamp drake (Zig:17)
  2 orc warriors (Vaults:5)
  An ettin simulacrum (Depths:4)
  An orc wizard (Vaults:5)
  A lightning spire (Zig:19)
  A mummy (Tomb:3)
  An orc (Vaults:5)
  A ball lightning (Pan)
  2 fire vortices (Geh:7)
  3 tentacles (Shoals:1)
179 creatures vanquished.

Vanquished Creatures (others)
  A caustic shrike (Depths:4)
  A pandemonium lord (Pan)
  An eldritch tentacle (Pan)
  A demonspawn warmonger (Zig:14)
  2 fire giants
  2 balrugs
  A quicksilver ooze (Zig:11)
  A demonspawn blood saint (Pan)
  A merfolk javelineer (Zig:17)
  A fire dragon (Zig:17)
  A juggernaut simulacrum (Coc:5)
  2 stokers (Geh:7)
  A hell knight (Hell)
  2 sun demons
  A sixfirhy (Pan)
  2 spriggan simulacra
  A deep elf archer (Elf:1)
  3 deep elf pyromancers
  A salamander (shapeshifter) (Elf:3)
  A manticore (Lair:5)
  A demonic crawler (Hell)
  2 smoke demons
  A yaktaur (Zig:17)
  An iron giant simulacrum (Coc:5)
  An air elemental (Zig:20)
  3 water elementals
  A wyvern (Zig:17)
  A dire elephant simulacrum (Coc:5)
  A human (D:13)
  A basilisk (shapeshifter) (Zig:20)
  A steam dragon (Zig:17)
  An acid dragon (Zig:17)
  A harpy simulacrum (Coc:7)
  A naga (Zig:16)
  A hydra simulacrum (Coc:1)
  An ettin simulacrum (Hell)
  12 ball lightnings
  A fire vortex (Geh:7)
  8 starspawn tentacles
  24 tentacles (Shoals:1)
91 creatures vanquished.

Grand Total: 5540 creatures vanquished

Notes
Turn   | Place    | Note
-------+----------+-------------------------------------------
     0 | D:1      | Gnu the Gargoyle Fighter began the quest for the Orb.
     0 | D:1      | Reached XP level 1. HP: 14/14 MP: 1/1
    37 | D:1      | Found a faded altar of an unknown god.
   177 | D:1      | Reached XP level 2. HP: 19/19 MP: 2/2
   776 | D:2      | Reached XP level 3. HP: 23/23 MP: 3/3
   784 | D:2      | Found a runed translucent door.
   785 | D:2      | Noticed Crazy Yiuf
   793 | D:2      | Killed Crazy Yiuf
   794 | D:2      | Reached skill level 1 in Dodging
   931 | D:2      | Reached XP level 4. HP: 28/29 MP: 4/4
  1280 | D:3      | Noticed Robin
  1298 | D:3      | Reached XP level 5. HP: 33/33 MP: 5/5
  1314 | D:3      | Killed Robin
  1614 | D:3      | Found a transporter.
  1631 | D:3      | Found a transporter.
  1821 | D:3      | Noticed Natasha
  1828 | D:3      | Killed Natasha
  1863 | D:3      | Noticed Natasha
  1871 | D:3      | Killed Natasha
  1965 | D:3      | Noticed Natasha
  1970 | D:3      | Killed Natasha
  2104 | D:4      | Reached XP level 6. HP: 34/39 MP: 6/6
  2484 | D:4      | Identified the ring "Uxzacs" {rElec rPois}
  2509 | D:4      | Reached XP level 7. HP: 44/44 MP: 7/7
  2578 | D:4      | Noticed Eustachio
  2624 | D:4      | Killed Eustachio
  2625 | D:4      | Reached skill level 5 in Fighting
  2625 | D:4      | Reached skill level 5 in Armour
  2625 | D:4      | Reached skill level 5 in Shields
  2671 | D:4      | Noticed Pikel
  2676 | D:4      | Killed Pikel
  2677 | D:4      | Reached XP level 8. HP: 44/50 MP: 8/8
  3168 | D:5      | Entered Level 5 of the Dungeon
  3572 | D:5      | Got the Incunable of the Gusty Caves
  3705 | D:5      | Reached skill level 5 in Maces & Flails
  3842 | D:5      | Found a blossoming altar of Fedhas.
  3918 | D:5      | Identified the +3 whip of the Heart {flame, rElec rF+
                  | Dex+4}
  4150 | D:6      | Found Wecvaf's Magic Scroll Shoppe.
  4159 | D:6      | Bought a scroll of identify for 26 gold pieces
  4159 | D:6      | Bought a scroll of blinking for 97 gold pieces
  4187 | D:6      | Reached XP level 9. HP: 55/55 MP: 9/9
  4286 | D:6      | Found Bakhupri's Antique Weapon Emporium.
  4304 | D:6      | Found Xoblaoll's General Store.
  4323 | D:6      | Bought a scroll of identify for 22 gold pieces
  4324 | D:6      | Reached XP level 10. HP: 65/65 MP: 10/10
  4325 | D:6      | Reached XP level 11. HP: 72/72 MP: 11/11
  4342 | D:6      | Noticed Prince Ribbit
  4354 | D:6      | Killed Prince Ribbit
  4382 | D:6      | Found Purad's Armour Emporium.
  4470 | D:6      | Found a glowing drain.
  4478 | Sewer    | Entered a sewer
  5497 | D:7      | Reached skill level 10 in Armour
  5518 | D:7      | Reached skill level 10 in Fighting
  5531 | D:7      | Reached skill level 10 in Shields
  5546 | D:7      | Found Liz Gang's General Store.
  6002 | D:7      | Found a staircase to the Ecumenical Temple.
  6018 | Temple   | Entered the Ecumenical Temple
  6112 | Temple   | Became a worshipper of the Shining One
  6706 | D:8      | Found a glowing silver altar of Zin.
  6707 | D:8      | Found a broken altar of Ashenzari.
  6707 | D:8      | Found a white marble altar of Elyvilon.
  6707 | D:8      | Found a snail-covered altar of Cheibriados.
  6708 | D:8      | Found a hide-covered altar of Uskayaw.
  6708 | D:8      | Found an ancient bone altar of Kikubaaqudgha.
  6709 | D:8      | Found a sacrificial altar of Ru.
  6709 | D:8      | Found a sparkling altar of Nemelex Xobeh.
  6709 | D:8      | Found a shimmering altar of Xom.
  6711 | D:8      | Found a burning altar of Makhleb.
  6711 | D:8      | Found an opulent altar of Gozag.
  6711 | D:8      | Found a shimmering blue altar of Sif Muna.
  6977 | D:9      | Noticed Grum
  6999 | D:9      | Killed Grum
  7091 | D:9      | Noticed Harold
  7103 | D:9      | Killed Harold
  7104 | D:9      | Reached skill level 1 in Invocations
  7354 | D:9      | Identified the +11 battleaxe "Duemunasch" {heavy, Int+2}
  7711 | D:9      | Identified the +3 dagger "Sarcophage" {freeze, rF++ rCorr
                  | Dex+3}
  7732 | D:9      | Noticed a cyclops
  7747 | D:9      | Killed a cyclops
  8017 | D:10     | Entered Level 10 of the Dungeon
  8041 | D:10     | Reached * piety under the Shining One
  8058 | D:10     | Noticed Lodul
  8085 | D:10     | Paralysed by Lodul for 2 turns
  8104 | D:9      | Reached XP level 12. HP: 60/78 MP: 11/13
  8133 | D:10     | Paralysed by Lodul for 5 turns
  8201 | D:9      | Killed Lodul
  8578 | D:10     | Found a hazy altar of Hepliaklqana.
  8669 | D:10     | Found a staircase to the Lair.
  9411 | Lair:1   | Entered Level 1 of the Lair of Beasts
  9411 | Lair:1   | Noticed Gastronok
  9430 | D:10     | Killed Gastronok
  9628 | Lair:1   | You fall into a shaft and drop 1 floor!
  9846 | Lair:1   | Identified the +1 morningstar of Qoprunel {heavy, rF- MP+9
                  | Int+5}
  9976 | Lair:1   | Noticed a four-headed hydra
  9989 | Lair:1   | Killed a four-headed hydra
 10301 | Lair:1   | Reached skill level 10 in Maces & Flails
 10338 | Lair:1   | Identified the +2 chain mail "Etwoffom" {rPois Int+4 Dex+2
                  | Slay-2}
 10638 | Lair:2   | Got the Almanac of Electricity and Cryomancy
 11098 | Lair:2   | Reached XP level 13. HP: 84/84 MP: 16/16
 11110 | Lair:2   | Found a staircase to the Shoals.
 11166 | Lair:2   | Found a staircase to the Snake Pit.
 11819 | Lair:3   | Reached skill level 5 in Invocations
 12184 | Lair:3   | Found a shimmering altar of Xom.
 12397 | Lair:3   | Identified the +8 morningstar of the Illusory Mystics
                  | {flame, rElec Will+ Int+4 Stlth+}
 13443 | Lair:4   | Reached ** piety under the Shining One
 13680 | Lair:4   | Gained mutation: Your large and strong wings let you fly.
                  | [Gargoyle growth]
 13680 | Lair:4   | Reached XP level 14. HP: 89/92 MP: 18/18
 14292 | Lair:5   | Entered Level 5 of the Lair of Beasts
 14556 | Lair:5   | Found a gate leading to a gauntlet.
 14562 | Gauntlet | Entered a Gauntlet
 14562 | Gauntlet | Found a transporter.
 14562 | Gauntlet | Found a transporter.
 14563 | Gauntlet | Found a transporter.
 14566 | Gauntlet | Found a transporter.
 14566 | Gauntlet | Found a transporter.
 14577 | Gauntlet | Found a transporter.
 14580 | Gauntlet | Found a transporter.
 14606 | Gauntlet | Found a transporter.
 14626 | Gauntlet | Found a transporter.
 14643 | Gauntlet | Found a transporter.
 14651 | Gauntlet | Found a transporter.
 14719 | Gauntlet | Found a transporter.
 14805 | Gauntlet | Identified the ring "Qical" {Fly rC+ Will++ Int-5 Dex+6}
 14823 | Gauntlet | Identified the amulet "Ucidaf" {Acrobat rN+ Regen+}
 14962 | Gauntlet | Identified the scarf of Miracles {rC+ rF+, rCorr}
 14962 | Gauntlet | Identified the +4 mace of Wondrous Power {freeze, Fly Will-
                  | Str-5 Int+8}
 15105 | Lair:5   | Found a viscous altar of Jiyva.
 15105 | Lair:5   | Found a staircase to the Slime Pits.
 16160 | D:6      | Bought a scroll of acquirement for 676 gold pieces
 16162 | D:6      | Acquired 1285 gold pieces
 16191 | D:7      | Bought a scroll of acquirement for 624 gold pieces
 16193 | D:7      | Acquired the +1 pair of gloves "Ydujarch" {Slay+5}
 16209 | D:7      | Bought a scroll of immolation for 48 gold pieces
 16209 | D:7      | Bought a potion of lignification for 36 gold pieces
 16209 | D:7      | Bought a potion of resistance for 120 gold pieces
 16339 | D:11     | Found Zeitawiaga's Island Escapes.
 16349 | D:11     | Bought a scroll of fog for 52 gold pieces
 16349 | D:11     | Bought a scroll of blinking for 97 gold pieces
 16349 | D:11     | Bought a scroll of blinking for 97 gold pieces
 16349 | D:11     | Bought a scroll of blinking for 97 gold pieces
 16394 | D:11     | Noticed Maurice
 16403 | D:11     | Killed Maurice
 16431 | D:11     | Noticed Psyche
 16436 | D:11     | Killed Psyche
 16452 | D:11     | Noticed Sonja
 16455 | D:11     | Sonja changed into Sonja the golden eye
 16455 | D:11     | Noticed Sonja
 16456 | D:11     | Killed Sonja the golden eye
 16512 | D:11     | Noticed Snorg
 16519 | D:11     | Killed Snorg
 17254 | D:12     | Found a staircase to the Orcish Mines.
 17270 | D:12     | Reached XP level 15. HP: 80/98 MP: 21/21
 17791 | D:13     | Reached *** piety under the Shining One
 17907 | D:13     | Reached skill level 10 in Dodging
 18029 | D:13     | Found a gate to the Vaults.
 18309 | D:13     | Found Boer's Armour Shop.
 18660 | D:14     | Noticed a fire giant
 18661 | D:14     | Noticed a frost giant
 18674 | D:14     | Killed a fire giant
 18684 | D:14     | Killed a frost giant
 18861 | D:14     | Found a blossoming altar of Fedhas.
 19027 | D:15     | Entered Level 15 of the Dungeon
 19030 | D:15     | Identified the +2 ring mail "Ycsidghorgh" {rF- Dex+4}
 19040 | D:15     | Found Winlamyuph's Book Shoppe.
 19426 | D:15     | Found a staircase to the Depths.
 19605 | D:15     | Reached XP level 16. HP: 105/105 MP: 23/23
 19710 | D:15     | Found an ornate altar of the Wu Jian Council.
 20122 | Orc:1    | Entered Level 1 of the Orcish Mines
 20171 | Orc:2    | Entered Level 2 of the Orcish Mines
 20306 | Orc:2    | Found Eggis's Antique Weapon Emporium.
 20311 | Orc:2    | Bought a bloodstained mace for 296 gold pieces
 20311 | Orc:2    | Identified the +7 mace of Iloaro Pipre {flame, Int+2
                  | Stlth+} (You bought it in a shop on level 2 of the Orcish
                  | Mines)
 20358 | Orc:2    | Reached **** piety under the Shining One
 20515 | Orc:2    | Found a staircase to the Elven Halls.
 20697 | Orc:1    | You are sucked into a shaft and drop 1 floor!
 20873 | Orc:2    | Reached ***** piety under the Shining One
 20978 | Orc:2    | Reached skill level 10 in Invocations
 21198 | Orc:2    | Found Zyipru's Armour Shop.
 21198 | Orc:2    | Found Ynaecue's Book Shop.
 21199 | Orc:2    | Found Zolli's Weapon Shop.
 21199 | Orc:2    | Found Plog's Jewellery Boutique.
 21880 | Shoals:1 | Entered Level 1 of the Shoals
 21940 | Shoals:1 | Found a transporter.
 21941 | Shoals:1 | Noticed a kraken
 21948 | Shoals:1 | Noticed a kraken
 21987 | Shoals:1 | Killed a kraken
 21988 | Shoals:1 | Killed a kraken
 22000 | Shoals:1 | Noticed Vait Lei's ghost (adept GnAE)
 22067 | Shoals:1 | Found a transporter.
 22749 | Shoals:1 | Killed Vait Lei's ghost
 22753 | Shoals:1 | Identified the ring "Lotoacycs" {rPois Str+6}
 22758 | Shoals:1 | Identified the ring "Vulauk" {Int+3 SInv}
 23326 | Shoals:2 | Found Baceijor's Book Shoppe.
 23769 | Shoals:3 | Reached XP level 17. HP: 112/112 MP: 25/25
 24476 | Shoals:4 | Entered Level 4 of the Shoals
 24588 | Shoals:4 | Identified the ring of Pelal {Fly rElec AC+4}
 24603 | Shoals:4 | Reached skill level 15 in Armour
 24692 | Shoals:4 | Reached skill level 15 in Shields
 24705 | Shoals:4 | Reached skill level 15 in Fighting
 24827 | Shoals:4 | Got a barnacled rune of Zot
 25073 | Shoals:4 | Paralysed by an air elemental for 1 turns
 25633 | Elf:1    | Entered Level 1 of the Elven Halls
 25816 | Elf:1    | Reached XP level 18. HP: 55/119 MP: 27/27
 26001 | Elf:1    | You are sucked into a shaft and drop 1 floor!
 26120 | Elf:2    | Found a huge runed translucent gate.
 26121 | Elf:2    | Found a huge runed translucent gate.
 26122 | Elf:2    | Found a huge runed translucent gate.
 26123 | Elf:2    | Found a huge runed translucent gate.
 26124 | Elf:2    | Found a huge runed translucent gate.
 26153 | Elf:2    | Noticed a deep elf blademaster
 26178 | Elf:2    | Killed a deep elf blademaster
 26461 | Elf:2    | Noticed Roxanne
 26478 | Elf:2    | Killed Roxanne
 26548 | Elf:2    | Found Zoism's Assorted Antiques.
 26553 | Elf:2    | Bought a scroll of fog for 108 gold pieces
 26553 | Elf:2    | Bought a scroll of poison for 108 gold pieces
 26553 | Elf:2    | Bought a scroll of immolation for 108 gold pieces
 26553 | Elf:2    | Bought a scroll of fog for 108 gold pieces
 26925 | Elf:2    | Found Qipitue's Assorted Antiques.
 26988 | Elf:2    | Found Qizxice Ocra's Tremendous Tomes.
 27193 | Elf:3    | Entered Level 3 of the Elven Halls
 27529 | Elf:3    | Noticed a deep elf blademaster
 27690 | Elf:3    | Noticed a deep elf blademaster
 27707 | Elf:3    | Killed a deep elf blademaster
 27740 | Elf:3    | Killed a deep elf blademaster
 27780 | Elf:3    | Noticed a deep elf master archer
 27797 | Elf:3    | Killed a deep elf master archer
 27834 | Elf:3    | Identified the staff of conjuration "Naskoet" {rC+}
 27851 | Elf:3    | Noticed a deep elf master archer
 27866 | Elf:3    | Killed a deep elf master archer
 27875 | Elf:3    | Reached XP level 19. HP: 115/125 MP: 28/28
 27903 | Elf:3    | Identified the ring of Daisies {rElec Will+ rCorr}
 27915 | Elf:3    | Noticed a Brimstone Fiend
 27922 | Elf:3    | Identified the ring "Wakk" {rN+ Int+6}
 27925 | Elf:3    | Identified the +3 glaive of Hospitality {antimagic, rC- rN+
                  | SInv}
 27925 | Elf:3    | Identified the ring "Sipt" {rPois Str+5 Dex-4}
 27927 | Elf:3    | Identified the ring of the Grey Skies {rF- rC+ Dex+3 SInv
                  | Stlth+}
 27967 | Elf:3    | Noticed a Brimstone Fiend
 28135 | Elf:3    | Got Ucocs's Writings on Nauseating Hypothermia
 28180 | Elf:3    | Identified the +4 chain mail of the Forest {Harm rElec rF++
                  | Int-5}
 28198 | Elf:3    | Identified the +1 pair of boots of Juschuim {rF++ Int+3}
 28234 | Elf:3    | Identified the scarf of a Million Queens {harm, +Blink
                  | Will+ Dex+2}
 28241 | Elf:3    | Got the Parchment of Discontinuous Clay
 28797 | D:6      | Bought a +4 chain mail of willpower for 346 gold pieces
 28827 | D:6      | Bought a scroll of enchant armour for 97 gold pieces
 28827 | D:6      | Bought a scroll of magic mapping for 97 gold pieces
 28942 | Snake:1  | Entered Level 1 of the Snake Pit
 28968 | Snake:1  | Identified the amulet "Fusof" {Regen+ SInv}
 29043 | Snake:1  | Reached skill level 15 in Maces & Flails
 29638 | Snake:2  | Identified the -2 pair of boots of the Bagpipe {rElec
                  | Stlth+}
 30260 | Snake:3  | Found Ibov Suu's Assorted Antiques.
 30365 | Snake:3  | Found Assysoadd's Armour Emporium.
 30440 | Snake:3  | Found Xodyheov's Antique Weapon Emporium.
 30445 | Snake:3  | Bought an encrusted mace for 264 gold pieces
 30445 | Snake:3  | Identified the +2 mace of Domofut {freeze, rC++ MP+9} (You
                  | bought it in a shop on level 3 of the Snake Pit)
 30505 | Snake:3  | Found Riynor's Book Shoppe.
 30560 | Snake:3  | Reached ****** piety under the Shining One
 31113 | Snake:4  | Entered Level 4 of the Snake Pit
 31448 | Snake:4  | Reached XP level 20. HP: 81/134 MP: 28/31
 31573 | Snake:4  | Got a serpentine rune of Zot
 31813 | Snake:4  | Noticed Aizul
 31825 | Snake:4  | Killed Aizul
 31866 | Snake:4  | Reached skill level 15 in Invocations
 32273 | Vaults:1 | Entered Level 1 of the Vaults
 32407 | Vaults:1 | Found Lagonoug's Distillery.
 32698 | Snake:3  | Bought the +5 Storm Queen's Shield {shock, Fly rElec} for
                  | 866 gold pieces
 32698 | Snake:3  | Found the +5 Storm Queen's Shield {shock, Fly rElec}
 32698 | Snake:3  | Bought the +3 pair of gauntlets of War {Slay+5} for 902
                  | gold pieces
 32698 | Snake:3  | Found the +3 pair of gauntlets of War {Slay+5}
 33073 | Vaults:1 | Bought a potion of heal wounds for 90 gold pieces
 33073 | Vaults:1 | Bought a potion of heal wounds for 90 gold pieces
 33614 | Vaults:1 | Identified the +1 broad axe of Amorality {freeze, rPois
                  | Int+6}
 34702 | Vaults:2 | Found a staircase to the Crypt.
 34902 | Vaults:2 | Noticed Bai Suzhen
 34915 | Vaults:2 | Killed Bai Suzhen
 35041 | Vaults:2 | Gained mutation: You are robust. (+10% HP) [a cacodemon]
 35487 | Vaults:3 | Reached XP level 21. HP: 138/154 MP: 29/33
 35679 | Vaults:3 | You are sucked into a shaft and drop 1 floor!
 37012 | Depths:1 | Entered Level 1 of the Depths
 37116 | Depths:1 | Noticed Sojobo
 37141 | Depths:1 | Paralysed by an air elemental for 1 turns
 37146 | Depths:1 | Paralysed by an air elemental for 1 turns
 37150 | Depths:1 | Paralysed by an air elemental for 1 turns
 37155 | Depths:1 | Paralysed by an air elemental for 1 turns
 37269 | Depths:1 | Paralysed by an air elemental for 1 turns
 37282 | Depths:1 | Paralysed by an air elemental for 1 turns
 37284 | Depths:1 | Killed Sojobo
 37340 | Depths:1 | Found a hide-covered altar of Uskayaw.
 37598 | Depths:1 | Found Plog's Assorted Antiques.
 37602 | Depths:1 | Found Acsi Kei's General Store.
 37612 | Depths:1 | Bought a scroll of summoning for 133 gold pieces
 37685 | Depths:1 | Found a gateway to Hell.
 37804 | Depths:1 | Found a one-way gate leading to the halls of Pandemonium.
 37951 | Depths:2 | Found a one-way gate to the infinite horrors of the Abyss.
 37968 | Depths:2 | Reached XP level 22. HP: 162/162 MP: 34/34
 38502 | Depths:2 | Found a one-way gateway to a ziggurat.
 38607 | Depths:2 | Found Icap's Antique Armour Shoppe.
 38852 | Depths:3 | Noticed a golden dragon
 38868 | Depths:3 | Noticed a caustic shrike
 38934 | Depths:2 | Killed a caustic shrike
 38957 | Depths:2 | Killed a golden dragon
 39670 | Depths:4 | Entered Level 4 of the Depths
 39762 | Depths:4 | Found a glowing golden altar of the Shining One.
 39828 | Depths:4 | Noticed a caustic shrike
 39841 | Depths:4 | Noticed a caustic shrike
 39842 | Depths:4 | Noticed a caustic shrike
 39845 | Depths:4 | Noticed a caustic shrike
 39845 | Depths:4 | Killed a caustic shrike
 39846 | Depths:4 | Noticed a caustic shrike
 39852 | Depths:4 | Killed a caustic shrike
 39856 | Depths:4 | Killed a caustic shrike
 39859 | Depths:4 | Killed a caustic shrike
 39859 | Depths:4 | Killed a caustic shrike
 39918 | Depths:4 | Found an ornate altar of the Wu Jian Council.
 40003 | Depths:4 | Acquired 688 gold pieces
 40005 | Depths:4 | Acquired 1026 gold pieces
 40007 | Depths:4 | Acquired the +8 orange crystal plate armour {Archmagi,
                  | Int+3 Clar}
 40007 | Depths:4 | Found the +8 orange crystal plate armour {Archmagi, Int+3
                  | Clar}
 40202 | Depths:4 | Reached XP level 23. HP: 138/170 MP: 36/36
 40251 | Depths:4 | Found a shimmering blue altar of Sif Muna.
 40297 | Depths:4 | Found a sparkling altar of Nemelex Xobeh.
 40303 | Depths:4 | Noticed a juggernaut
 40424 | Depths:4 | Noticed a caustic shrike
 40426 | Depths:4 | Noticed a caustic shrike
 40432 | Depths:4 | Killed a caustic shrike
 40433 | Depths:4 | Reached skill level 1 in Translocations
 40436 | Depths:4 | Noticed a caustic shrike
 40443 | Depths:4 | Killed a caustic shrike
 40451 | Depths:4 | Killed a caustic shrike
 40487 | Depths:4 | Noticed a golden dragon
 40492 | Depths:4 | Reached skill level 15 in Dodging
 40518 | Depths:4 | Noticed a caustic shrike
 40518 | Depths:4 | Noticed a caustic shrike
 40520 | Depths:4 | Noticed a caustic shrike
 40522 | Depths:4 | Killed a golden dragon
 40540 | Depths:4 | Killed a caustic shrike
 40547 | Depths:4 | Killed a caustic shrike
 40548 | Depths:4 | Killed a caustic shrike
 40653 | Depths:4 | Noticed a caustic shrike
 40666 | Depths:3 | Killed a caustic shrike
 40726 | Depths:4 | Killed a caustic shrike
 41030 | Depths:4 | Found a gate to the Realm of Zot.
 41241 | Depths:4 | Upgraded the game from 0.31-a0-18-gea43df2a32 to
                  | 0.31-a0-23-gcbde74481b
 42539 | Vaults:5 | Entered Level 5 of the Vaults
 42546 | Vaults:5 | Noticed Xtahua
 42558 | Vaults:5 | Noticed Boris
 42581 | Vaults:4 | Killed Boris
 42584 | Vaults:4 | Killed Xtahua
 42588 | Vaults:4 | Reached XP level 24. HP: 121/178 MP: 11/37
 42622 | Vaults:5 | Noticed a dread lich
 42634 | Vaults:4 | Killed a dread lich
 42663 | Vaults:5 | Identified the ring "Aqych" {Ice rElec Int+3 Slay-3}
 42667 | Vaults:5 | Noticed Margery
 42692 | Vaults:4 | Killed Margery
 42697 | Vaults:5 | Noticed Mara
 42730 | Vaults:5 | Noticed Gnu's illusion
 42741 | Vaults:5 | Noticed Saint Roka
 42742 | Vaults:5 | Reached skill level 5 in Translocations
 42854 | Vaults:5 | Noticed Gnu's illusion
 42867 | Vaults:4 | Killed Mara
 42893 | Vaults:5 | Identified the +10 morningstar of Internal Strife {flame,
                  | rF+ rN+ Int+5 Dex-2}
 42900 | Vaults:5 | Killed Saint Roka
 42937 | Vaults:5 | Upgraded the game from 0.31-a0-23-gcbde74481b to
                  | 0.31-a0-37-g98a128e1d9
 43008 | Vaults:5 | Found Ystronos's Weapon Shoppe.
 43167 | Vaults:5 | Got a silver rune of Zot
 43225 | Vaults:5 | Got the Guidebook on the Meteoric Xenolith
 43518 | Vaults:5 | Identified the staff of death "Atyedd" {rF+ rN+ Will+}
 43596 | Vaults:5 | Identified the +2 scale mail of Gozag's Regard {Str+3}
 44203 | Depths:2 | Voluntarily entered the Abyss.
 44370 | Abyss:2  | Noticed a dread lich
 44390 | Abyss:2  | Killed a dread lich
 44455 | Abyss:2  | Found a corrupted altar of Lugonu.
 44456 | Abyss:2  | Found a corrupted altar of Lugonu.
 44456 | Abyss:2  | Found a corrupted altar of Lugonu.
 44831 | Abyss:2  | Reached XP level 25. HP: 185/185 MP: 37/37
 44896 | Abyss:2  | Paralysed by accursed screaming for 1 turns
 44969 | Abyss:2  | Gained mutation: Your spells are a little easier to cast,
                  | but a little less powerful. [a neqoxec]
 45108 | Abyss:3  | Paralysed by accursed screaming for 1 turns
 45148 | Abyss:3  | Gained mutation: You have hidden genetic defects. [a
                  | cacodemon]
 45187 | Abyss:3  | Got an abyssal rune of Zot
 45222 | Depths:2 | Escaped the Abyss
 45223 | Depths:2 | Lost mutation: You have hidden genetic defects. [potion of
                  | mutation]
 45223 | Depths:2 | Lost mutation: Your spells are a little easier to cast, but
                  | a little less powerful. [potion of mutation]
 45223 | Depths:2 | Lost mutation: You are robust. (+10% HP) [potion of
                  | mutation]
 45223 | Depths:2 | Gained mutation: You have a somewhat thin skeletal
                  | structure. (Dex +2, Stealth+) [potion of mutation]
 45477 | Slime:1  | Entered Level 1 of the Pits of Slime
 45589 | Slime:2  | Learned a level 2 spell: Lesser Beckoning
 45755 | Slime:4  | Noticed Dissolution
 45763 | Slime:4  | Killed Dissolution
 45821 | Slime:5  | Entered Level 5 of the Pits of Slime
 45838 | Slime:5  | Gained mutation: You sometimes lose your temper in combat.
                  | [a shining eye]
 45871 | Slime:5  | Gained mutation: Your flesh is heat resistant. (rF+) [a
                  | shining eye]
 45873 | Slime:5  | Gained mutation: You occasionally lose the ability to drink
                  | potions when taking damage. [a shining eye]
 45875 | Slime:5  | Gained mutation: You expend magic power (3 MP) to
                  | strengthen your wands. [a shining eye]
 45922 | Slime:5  | Noticed the Royal Jelly
 45923 | Slime:5  | Found a viscous altar of Jiyva.
 45935 | Slime:5  | Killed the Royal Jelly
 46100 | Slime:5  | Identified the ring of the Clam {Fly rF+ MP+9 Int+2}
 46134 | Slime:5  | Got the Tome of Relocated Attacks
 46152 | Slime:5  | Got the Omnibus of Distance
 46166 | Slime:5  | Acquired a manual of Dodging
 46172 | Slime:5  | Gained mutation: Your magical capacity is low. (-10% MP) [a
                  | shining eye]
 46174 | Slime:5  | Lost mutation: You occasionally lose the ability to drink
                  | potions when taking damage. [potion of mutation]
 46174 | Slime:5  | Lost mutation: Your magical capacity is low. (-10% MP)
                  | [potion of mutation]
 46174 | Slime:5  | Gained mutation: You are occasionally teleported next to
                  | monsters. [potion of mutation]
 46174 | Slime:5  | Gained mutation: You do not regenerate when monsters are
                  | visible. [potion of mutation]
 46174 | Slime:5  | Gained mutation: You passively dampen the noise of your
                  | surroundings. [potion of mutation]
 46174 | Slime:5  | Gained mutation: You are agile. (Dex +4, Str/Int -1)
                  | [potion of mutation]
 46175 | Slime:5  | Lost mutation: You expend magic power (3 MP) to strengthen
                  | your wands. [potion of mutation]
 46175 | Slime:5  | Lost mutation: You passively dampen the noise of your
                  | surroundings. [potion of mutation]
 46175 | Slime:5  | Gained mutation: You are weak. (Str -2) [potion of
                  | mutation]
 46175 | Slime:5  | Gained mutation: Your skin changes colour to match your
                  | surroundings (Stealth+). [potion of mutation]
 46176 | Slime:5  | Lost mutation: You have a somewhat thin skeletal structure.
                  | (Dex +2, Stealth+) [potion of mutation]
 46176 | Slime:5  | Lost mutation: You are agile. (Dex +4, Str/Int -1) [potion
                  | of mutation]
 46176 | Slime:5  | Lost mutation: Your skin changes colour to match your
                  | surroundings (Stealth+). [potion of mutation]
 46176 | Slime:5  | Gained mutation: You are strong-willed. (Will+) [potion of
                  | mutation]
 46176 | Slime:5  | Gained mutation: Your spells are a little harder to cast,
                  | but a little more powerful. [potion of mutation]
 46177 | Slime:5  | Lost mutation: You do not regenerate when monsters are
                  | visible. [potion of mutation]
 46177 | Slime:5  | Lost mutation: You sometimes lose your temper in combat.
                  | [potion of mutation]
 46177 | Slime:5  | Lost mutation: You are occasionally teleported next to
                  | monsters. [potion of mutation]
 46177 | Slime:5  | Lost mutation: You are weak. (Str -2) [potion of mutation]
 46177 | Slime:5  | Lost mutation: You are strong-willed. (Will+) [potion of
                  | mutation]
 46177 | Slime:5  | Gained mutation: You are partially covered in large bone
                  | plates. (SH +4) [potion of mutation]
 46194 | Slime:5  | Identified the amulet "Daybeops" {Acrobat Regen+}
 46244 | Slime:5  | Identified the ring "Kewky" {*Slow +Blink rElec MP+9 Int+3}
 46247 | Slime:5  | Got a slimy rune of Zot
 46666 | Snake:3  | Bought 2 scrolls of acquirement for 4368 gold pieces
 46670 | Snake:3  | Acquired the +0 helmet "Ovuaqiu" {rC+ Int+3 Dex-4}
 46687 | Snake:3  | Acquired the +0 pair of boots "Ucwywn" {Str+4}
 46981 | Elf:2    | Identified a +4 eveningstar of holy wrath (a +2 antimagic
                  | eveningstar blessed by the Shining One)
 46981 | Elf:2    | Received a gift from the Shining One
 47230 | Crypt:1  | Entered Level 1 of the Crypt
 47298 | Crypt:1  | Noticed Jory
 47306 | Crypt:1  | Killed Jory
 47307 | Crypt:1  | Noticed Zenata
 47320 | Crypt:1  | Killed Zenata
 47368 | Crypt:1  | Found a transporter.
 47368 | Crypt:1  | Noticed Qode's ghost (veteran GnHW)
 47378 | Crypt:1  | Found a transporter.
 47414 | Crypt:1  | Killed Qode's ghost
 47427 | Crypt:1  | Identified the staff of death "Udwumy" {rN+ Will- Dex+5}
 47435 | Crypt:1  | Identified the +6 trident of Earthquakes {heavy, rElec MP-9
                  | Dex+4}
 47679 | Crypt:1  | Found a huge runed translucent gate.
 47679 | Crypt:1  | Found a huge runed translucent gate.
 47680 | Crypt:1  | Found a huge runed translucent gate.
 47680 | Crypt:1  | Found a huge runed translucent gate.
 47680 | Crypt:1  | Found a huge runed translucent gate.
 47681 | Crypt:1  | Found a huge runed translucent gate.
 47682 | Crypt:1  | Found a huge runed translucent gate.
 47683 | Crypt:1  | Found a huge runed translucent gate.
 47683 | Crypt:1  | Found a huge runed translucent gate.
 47984 | Crypt:2  | Reached XP level 26. HP: 177/177 MP: 37/37
 48571 | Crypt:2  | Noticed Frederick
 48582 | Crypt:2  | Killed Frederick
 48936 | Crypt:3  | Entered Level 3 of the Crypt
 49056 | Crypt:3  | Found a staircase to the Tomb.
 49283 | Crypt:3  | Identified the +6 halberd "Hilol" {drain, Fly Str+2}
 49433 | Crypt:3  | Noticed an ancient lich
 49442 | Crypt:3  | Killed an ancient lich
 49503 | Crypt:3  | Identified the ring of Ezaras {Wiz rC+ rCorr Slay+2}
 49524 | Crypt:3  | Identified the ring of the Hero {rPois rC+ rN+ rCorr}
 49524 | Crypt:3  | Identified the ring of Zehuch {rF++ rN+ Will- Str+3}
 49524 | Crypt:3  | Identified the ring "Aforgh" {rPois rF- rN+ Str+3 Int+2
                  | Dex+2}
 49560 | Crypt:3  | Learned a level 3 spell: Gell's Gravitas
 50203 | Zig:1    | Entered Level 1 of a ziggurat
 50220 | Zig:2    | Entered Level 2 of a ziggurat
 50220 | Zig:2    | Noticed Enacughe the pandemonium lord
 50230 | Zig:2    | Killed Enacughe the pandemonium lord
 50238 | Zig:3    | Entered Level 3 of a ziggurat
 50257 | Zig:3    | Identified the +9 quarterstaff "Gefriff" {heavy, Int+3
                  | Stlth+}
 50260 | Zig:4    | Entered Level 4 of a ziggurat
 50307 | Zig:5    | Entered Level 5 of a ziggurat
 50350 | Zig:6    | Entered Level 6 of a ziggurat
 50356 | Zig:6    | Noticed a dread lich
 50369 | Zig:6    | Killed a dread lich
 50489 | Zig:6    | Reached skill level 10 in Translocations
 50489 | Zig:6    | Reached XP level 27. HP: 184/184 MP: 37/37
 50501 | Zig:7    | Entered Level 7 of a ziggurat
 50577 | Zig:8    | Entered Level 8 of a ziggurat
 50594 | Zig:8    | Gained mutation: You are clumsy. (Dex -2) [a shining eye]
 50643 | Zig:9    | Entered Level 9 of a ziggurat
 50649 | Zig:9    | Noticed Xoggisao the pandemonium lord
 50649 | Zig:9    | Noticed Tuanawne the pandemonium lord
 50656 | Zig:9    | Killed Xoggisao the pandemonium lord
 50667 | Zig:9    | Killed Tuanawne the pandemonium lord
 50696 | Zig:9    | Identified the +9 spear of Subjectivity {flame, *Rage rPois
                  | rF+}
 50702 | Zig:9    | Identified the staff of fire "Ipsud" {Contam rElec rF+
                  | Dex+4}
 50717 | Zig:10   | Entered Level 10 of a ziggurat
 50788 | Zig:10   | Identified the +2 chain mail "Miociqam" {+Blink rPois}
 50789 | Zig:10   | Identified the +1 ring mail of the Iron City of Dis {Str+7
                  | Dex-4 Slay-2}
 50878 | Zig:11   | Entered Level 11 of a ziggurat
 50983 | Zig:12   | Entered Level 12 of a ziggurat
 51017 | Zig:12   | Noticed Dautricy the pandemonium lord
 51033 | Zig:12   | Killed Dautricy the pandemonium lord
 51050 | Zig:12   | Identified the amulet "Symu" {Reflect +Inv Str+2 Dex+2
                  | SH+5}
 51060 | Zig:12   | Identified the ring "Essappyn" {Fly rPois rN+++ Dex+2
                  | Slay-6}
 51069 | Zig:12   | Identified the staff of poison "Ikheyvyv" {rPois Str+7}
 51072 | Zig:12   | Identified the +8 tower shield of the Barnacle {Dex+3}
 51083 | Zig:13   | Entered Level 13 of a ziggurat
 51218 | Zig:14   | Entered Level 14 of a ziggurat
 51241 | Zig:14   | HP: 3/186 [hellion/damnation (38)]
 51250 | Zig:14   | Noticed Iconaj the pandemonium lord
 51257 | Zig:14   | Gained mutation: You occasionally lose the ability to read
                  | scrolls when taking damage. [a cacodemon]
 51263 | Zig:14   | Killed Iconaj the pandemonium lord
 51303 | Zig:14   | Found the +5 demon whip "Spellbinder" {antimagic, disrupt,
                  | Will+}
 51305 | Zig:14   | Found the sphere of Battle
 51319 | Zig:14   | Identified the +6 plate armour of the Game of Kings {Dex+3}
 51337 | Zig:14   | Identified the +0 plate armour "Rexis" {Harm rElec rPois
                  | rC-}
 51350 | Zig:15   | Entered Level 15 of a ziggurat
 51377 | Zig:15   | Noticed an ancient lich
 51389 | Zig:15   | Killed an ancient lich
 51417 | Zig:15   | Noticed an ancient lich
 51426 | Zig:15   | Killed an ancient lich
 51457 | Zig:15   | Found the +2 cloak of the Thief {*Fog Slay-2 SInv Stlth+}
 51458 | Zig:15   | Found the +0 pair of fencer's gloves {Riposte Dex+3}
 51498 | Zig:15   | Identified the +3 leather armour of the Grue {Dex+4}
 51499 | Zig:15   | Identified the +3 chain mail "Fauthyck" {rF++ Str+2}
 51504 | Zig:15   | Identified the +2 spear "Widowermaker" {heavy, rF+ Str+2}
 51505 | Zig:15   | Identified the staff of conjuration "Lerixzag" {rN+ Str+3
                  | Dex+3}
 51507 | Zig:15   | Identified the +2 hand axe of the Uplifting Dove {flame,
                  | *Noise rC+ Will+ Dex+2}
 51513 | Zig:15   | Identified the +1 chain mail of the New World {rElec Int+2}
 51527 | Zig:16   | Entered Level 16 of a ziggurat
 51612 | Zig:16   | Identified the +2 rapier "Nuonet" {drain, rN+}
 51616 | Zig:16   | Identified the +3 ring mail of the Louse {*Slow rF+++ rCorr
                  | Dex-4}
 51623 | Zig:16   | Got the Incunabulum of the Petrous Voyage
 51631 | Zig:16   | Identified the amulet of Norozxan {Acrobat *Slow Fly rN+}
 51633 | Zig:16   | Identified the staff of cold "Xaopri" {+Blink rElec rC+
                  | Str-4}
 51647 | Zig:16   | Identified the +4 mace "Riwitono" {heavy, rPois rC+ Str+3}
 51652 | Zig:17   | Entered Level 17 of a ziggurat
 51812 | Zig:17   | Identified the +1 arbalest of Distraction {penet, rF+ Str+2
                  | Int+4 Dex+4}
 51813 | Zig:17   | Identified the +10 great sword of Cighioha {spect, *Corrode
                  | +Blink Str+9 Int-2}
 51830 | Zig:17   | Identified the staff of death "Obafestrott" {rPois rN+
                  | Int+2}
 51852 | Zig:17   | Identified the staff of poison "Nomacvucith" {+Blink rPois
                  | rC+ Dex+2}
 51865 | Zig:18   | Entered Level 18 of a ziggurat
 51911 | Zig:18   | Paralysed by an air elemental for 1 turns
 51917 | Zig:18   | Paralysed by an air elemental for 1 turns
 51926 | Zig:18   | Paralysed by an air elemental for 1 turns
 52103 | Zig:18   | Found the -2 hat of the Alchemist {rElec rPois rF+ rC+ rN+
                  | Will+ rMut rCorr}
 52108 | Zig:18   | Identified the +1 acid dragon scales of Nutapn {rPois rCorr
                  | Slay+5}
 52169 | Zig:18   | Got the Handbook of the Pyromaniac and Generation
 52190 | Zig:19   | Entered Level 19 of a ziggurat
 52309 | Zig:19   | Gained mutation: You are extremely frail. (-30% HP) [a
                  | neqoxec]
 52316 | Zig:19   | Paralysed by accursed screaming for 2 turns
 52324 | Zig:19   | Paralysed by accursed screaming for 1 turns
 52335 | Zig:19   | HP: 7/170 [smoke demon/divine providence (18)]
 52535 | Zig:19   | Identified the staff of cold "Vawnifuj" {rElec rPois rC+
                  | Str-5 SInv}
 52549 | Zig:19   | Identified the staff of fire "Hoprenn" {rPois rF+ SInv}
 52573 | Depths:2 | Lost mutation: You are partially covered in large bone
                  | plates. (SH +4) [potion of mutation]
 52573 | Depths:2 | Lost mutation: You are frail. (-10% HP) [potion of
                  | mutation]
 52573 | Depths:2 | Lost mutation: Your flesh is heat resistant. (rF+) [potion
                  | of mutation]
 52573 | Depths:2 | Lost mutation: You occasionally lose the ability to read
                  | scrolls when taking damage. [potion of mutation]
 53236 | Pan      | Entered Pandemonium
 53529 | Pan      | Found a huge runed translucent gate.
 53535 | Pan      | Found a huge runed translucent gate.
 53536 | Pan      | Found a huge runed translucent gate.
 53536 | Pan      | Found a huge runed translucent gate.
 53536 | Pan      | Found a huge runed translucent gate.
 53536 | Pan      | Found a huge runed translucent gate.
 53537 | Pan      | Found a huge runed translucent gate.
 53541 | Pan      | Noticed Tuext the pandemonium lord
 53572 | Pan      | Killed Tuext the pandemonium lord
 54145 | Pan      | Acquired a manual of Translocations
 54152 | Pan      | Learned a level 4 spell: Manifold Assault
 54155 | Pan      | Noticed Ruusm the pandemonium lord
 54159 | Pan      | Killed Ruusm the pandemonium lord
 54717 | Pan      | Found a transporter.
 54776 | Pan      | Found a transporter.
 54841 | Pan      | Identified the +3 short sword of the Many Beasts {freeze,
                  | rF+}
 54854 | Pan      | Identified the ring "Ziviuj" {rElec rPois Dex+6}
 54868 | Pan      | Identified the ring "Ces Wurod" {rPois rN+}
 55584 | Pan      | Entered the realm of Lom Lobon.
 55877 | Pan      | Identified the +6 rapier "Trog's Brutal Revenge" {venom,
                  | Will++}
 56215 | Pan      | Noticed Lom Lobon
 56231 | Pan      | Killed Lom Lobon
 56322 | Pan      | Got a magical rune of Zot
 56541 | Pan      | Noticed Xoqateo the pandemonium lord
 56554 | Pan      | Killed Xoqateo the pandemonium lord
 57684 | Pan      | Identified the ring of Faziemir {rPois Str+2 Int+6 Dex-2}
 57753 | Pan      | Found an exit through the horrors of the Abyss.
 58240 | Pan      | Entered the realm of Gloorx Vloq.
 58492 | Pan      | Found an exit through the horrors of the Abyss.
 58903 | Pan      | Reached skill level 15 in Translocations
 58922 | Pan      | Noticed Gloorx Vloq
 58936 | Pan      | Killed Gloorx Vloq
 59036 | Pan      | Got a dark rune of Zot
 59136 | Pan      | Entered the realm of Mnoleg.
 59139 | Pan      | Noticed Mnoleg
 59147 | Pan      | Killed Mnoleg
 59151 | Pan      | Got a glowing rune of Zot
 59381 | Pan      | Found an exit through the horrors of the Abyss.
 59493 | Pan      | Gained mutation: You are dopey. (Int -2) [a cacodemon]
 59653 | Pan      | Gained mutation: You sometimes lose your temper in combat.
                  | [a cacodemon]
 59670 | Pan      | Found an exit through the horrors of the Abyss.
 59977 | Pan      | Found a transporter.
 60029 | Pan      | Found a transporter.
 60079 | Pan      | Lost mutation: You are dopey. (Int -2) [potion of mutation]
 60079 | Pan      | Lost mutation: You sometimes lose your temper in combat.
                  | [potion of mutation]
 60079 | Pan      | Lost mutation: You are clumsy. (Dex -2) [potion of
                  | mutation]
 60085 | Pan      | Identified the +8 ring mail of Agut {rC+}
 60086 | Pan      | Identified the amulet of Cyfew {RegenMP Dex+3}
 60096 | Pan      | Gained mutation: Armour fits poorly on your strangely
                  | shaped body. [mutagenic glow]
 60098 | Pan      | Lost mutation: Armour fits poorly on your strangely shaped
                  | body. [potion of mutation]
 60098 | Pan      | Lost mutation: Your spells are a little harder to cast, but
                  | a little more powerful. [potion of mutation]
 60104 | Pan      | Identified the amulet of Byfuenn {Regen+ Str+3 Int+2
                  | Slay+3}
 60110 | Pan      | Gained mutation: You are clumsy. (Dex -2) [mutagenic glow]
 60207 | Pan      | Identified the ring of Bucwyuxu {MP+9 Dex+6}
 60277 | Pan      | Entered the realm of Cerebov.
 60359 | Pan      | Identified the ring of Ohynuquo {Wiz Str+4}
 60372 | Pan      | Found the +6 sword of Cerebov {flame}
 60372 | Pan      | Noticed Cerebov
 60389 | Pan      | Killed Cerebov
 60435 | Pan      | Got a fiery rune of Zot
 60456 | Pan      | Identified the +0 plate armour of Jigsaw {Int+4}
 60464 | Pan      | Identified the staff of conjuration "Dateresk" {rC+ Will++}
 60473 | Pan      | Identified the ring of Nerro {Str+2 Int+6}
 60505 | Pan      | Got Kaantoif's Papyrus of Transposed Firn
 60543 | Pan      | Identified the +0 scale mail of the Feral Dragon {*Slow
                  | Str+3 Stlth+}
 60545 | Pan      | Identified the ring of Deycef {Wiz rCorr Dex+3 SInv}
 60920 | Pan      | Noticed Baijethra the pandemonium lord
 60929 | Pan      | Killed Baijethra the pandemonium lord
 60937 | Pan      | Identified the +0 plate armour "Bugehy" {Harm rF+ rN++
                  | Dex-3}
 61047 | Pan      | Identified the +0 chain mail "Ropaup" {Harm Will+ Regen+
                  | Int+3}
 61060 | Pan      | Identified the +2 tower shield "Roed" {rN+ Will+ Stlth+}
 61150 | Pan      | Found a white marble altar of Elyvilon.
 61566 | Pan      | Identified the +1 tower shield of the Distant Future
                  | {Regen+ MP+9}
 61653 | Pan      | Found a glowing silver altar of Zin.
 61666 | Pan      | HP: 9/197 [daeva/divine providence (10)]
 61897 | Pan      | Reached skill level 27 in Fighting
 62167 | Pan      | Noticed a seraph
 62176 | Pan      | Found a glowing golden altar of the Shining One.
 62188 | Pan      | Killed a seraph
 62217 | Pan      | Identified the +3 trident "Ylomo" {flame, rC+ Dex+4}
 62220 | Pan      | Identified the staff of fire "Osmatsef" {rF+ Int+3 Dex-2
                  | Stlth+}
 62223 | Pan      | Got a demonic rune of Zot
 62226 | Pan      | Identified the staff of conjuration "Kokhy" {*Corrode rElec
                  | rC++ Dex-2}
 62342 | Pan      | Identified the +0 tower shield of Omexaphu {rF+ rC+}
 62477 | Depths:1 | Escaped Pandemonium
 62595 | D:15     | Bought a book of Displacement for 308 gold pieces
 62595 | D:15     | Bought a book of the Warp for 588 gold pieces
 62602 | D:15     | Learned a level 6 spell: Dispersal
 62662 | Hell     | Entered the Vestibule of Hell
 62662 | Hell     | Noticed Murray
 62662 | Hell     | Noticed Geryon
 62664 | Hell     | Killed Murray
 62677 | Hell     | Killed Geryon
 62685 | Hell     | Paralysed by a wendigo for 1 turns
 62874 | Hell     | Found a gateway to the Iron City of Dis.
 62957 | Hell     | Found a gateway to the freezing wastes of Cocytus.
 63096 | Hell     | Found a gateway to the ashen valley of Gehenna.
 63236 | Hell     | Found a gateway to the decaying netherworld of Tartarus.
 63251 | Tar:1    | Entered Level 1 of Tartarus
 63620 | Tar:2    | You are sucked into a shaft and drop 1 floor!
 64297 | Tar:7    | Entered Level 7 of Tartarus
 64384 | Tar:7    | Noticed a dread lich
 64387 | Tar:7    | Noticed a dread lich
 64390 | Tar:7    | Killed a dread lich
 64395 | Tar:7    | Killed a dread lich
 64479 | Tar:7    | Found the +7 lajatang of Order {silver, rMut}
 64498 | Tar:7    | Identified the amulet "Faikim" {rPois rF+ Regen+}
 64554 | Tar:7    | Reached skill level 27 in Shields
 64705 | Tar:7    | Noticed an ancient lich
 64707 | Tar:7    | Noticed a dread lich
 64708 | Tar:7    | Killed a dread lich
 64708 | Tar:7    | Killed an ancient lich
 64718 | Tar:7    | Identified the staff of fire "Zillom" {rElec rF+ rCorr}
 64720 | Tar:7    | Identified the staff of cold "Acviac" {+Blink rC+ Int+2}
 64721 | Tar:7    | Identified the ring "Zihuetog" {Fly Int+4}
 64817 | Tar:7    | Noticed Ereshkigal
 64830 | Tar:7    | Killed Ereshkigal
 64937 | Tar:7    | Identified the ring "Xanku" {rPois rC+ Str+6 SInv Stlth+}
 65135 | Tar:7    | Got a bone rune of Zot
 65572 | Coc:1    | Entered Level 1 of Cocytus
 65587 | Coc:1    | Paralysed by a wendigo for 1 turns
 66452 | Coc:7    | Entered Level 7 of Cocytus
 66469 | Coc:7    | Reached skill level 27 in Invocations
 66527 | Coc:7    | Paralysed by a wendigo for 1 turns
 66549 | Coc:7    | Reached skill level 27 in Armour
 67119 | Coc:7    | Identified the staff of cold "Ruckickaama" {rC+ rCorr Str-3
                  | Dex+4 Stlth+}
 67119 | Coc:7    | Noticed Antaeus
 67139 | Coc:7    | Killed Antaeus
 67151 | Coc:7    | Got an icy rune of Zot
 67250 | Coc:7    | Identified the +4 scimitar of Qottoula {drain, *Rage
                  | Fragile Fly Str+9}
 67817 | Elf:2    | Bought the Spellbook of Translocational Transition for 1216
                  | gold pieces
 67821 | Elf:2    | Learned a level 3 spell: Vhi's Electric Charge
 68017 | Geh:1    | Entered Level 1 of Gehenna
 68843 | Geh:7    | Entered Level 7 of Gehenna
 69069 | Geh:7    | Noticed the Serpent of Hell
 69081 | Geh:7    | Killed the Serpent of Hell
 69305 | Geh:7    | Identified the +3 trident "Gyinlag" {heavy, rPois MP+9
                  | Str-3 Int+4}
 69333 | Geh:7    | Identified the staff of conjuration "Rawnaph" {rPois Int-3
                  | Dex+3}
 69601 | Geh:7    | Found the +13 sceptre of Asmodeus
 69601 | Geh:7    | Noticed Asmodeus
 69612 | Geh:7    | Killed Asmodeus
 69667 | Geh:7    | Got an obsidian rune of Zot
 69876 | Dis:1    | Entered Level 1 of the Iron City of Dis
 70040 | Dis:2    | Reached skill level 27 in Maces & Flails
 70626 | Dis:5    | You are sucked into a shaft and drop 1 floor!
 70784 | Dis:7    | Entered Level 7 of the Iron City of Dis
 71584 | Dis:7    | Identified the staff of fire "Syipopt" {rF+ Dex+5}
 71606 | Dis:7    | Identified the ring of Urphulid {rN+ rCorr Str+6 Int-5
                  | SInv}
 71877 | Dis:7    | Identified the ring "Olous" {*Corrode Will+ Str+4 Int+6
                  | Dex+2}
 72029 | Dis:7    | Learned a level 8 spell: Disjunction
 72151 | Dis:7    | Noticed Dispater
 72161 | Dis:7    | Killed Dispater
 72280 | Dis:7    | Got the Parchment of the Flammable Switch
 72285 | Dis:7    | Got an iron rune of Zot
 72289 | Dis:7    | Got Firghung's Tome of Voltaic Transmutation
 73294 | Tomb:1   | Entered Level 1 of the Tomb of the Ancients
 73896 | Tomb:2   | Noticed a royal mummy
 73896 | Tomb:2   | Noticed a royal mummy
 73896 | Tomb:2   | Noticed a royal mummy
 73900 | Tomb:2   | Killed a royal mummy
 73917 | Tomb:2   | Killed a royal mummy
 73918 | Tomb:2   | Killed a royal mummy
 73929 | Tomb:2   | Noticed a royal mummy
 73932 | Tomb:2   | Killed a royal mummy
 73983 | Tomb:2   | Identified the +4 scimitar of Contention {pain, rElec rF-
                  | rCorr Str+5}
 74249 | Tomb:1   | Noticed a royal mummy
 74249 | Tomb:1   | Noticed a royal mummy
 74249 | Tomb:1   | Noticed a royal mummy
 74257 | Tomb:1   | Noticed a royal mummy
 74275 | Tomb:1   | Killed a royal mummy
 74280 | Tomb:1   | Killed a royal mummy
 74280 | Tomb:1   | Noticed a royal mummy
 74283 | Tomb:1   | Killed a royal mummy
 74283 | Tomb:1   | Killed a royal mummy
 74285 | Tomb:1   | Killed a royal mummy
 74362 | Tomb:1   | Noticed a royal mummy
 74365 | Tomb:1   | Killed a royal mummy
 74372 | Tomb:1   | Noticed a royal mummy
 74375 | Tomb:1   | Killed a royal mummy
 74378 | Tomb:1   | Noticed a royal mummy
 74381 | Tomb:1   | Killed a royal mummy
 74440 | Tomb:1   | Noticed a royal mummy
 74440 | Tomb:1   | Noticed a royal mummy
 74442 | Tomb:1   | Noticed a royal mummy
 74443 | Tomb:1   | Killed a royal mummy
 74443 | Tomb:1   | Noticed a royal mummy
 74443 | Tomb:1   | Noticed a royal mummy
 74444 | Tomb:1   | Killed a royal mummy
 74445 | Tomb:1   | Killed a royal mummy
 74446 | Tomb:1   | Killed a royal mummy
 74447 | Tomb:1   | Killed a royal mummy
 74447 | Tomb:1   | Noticed a royal mummy
 74455 | Tomb:1   | Killed a royal mummy
 74583 | Tomb:3   | Entered Level 3 of the Tomb of the Ancients
 74596 | Tomb:3   | Reached skill level 27 in Dodging
 74623 | Tomb:3   | Noticed a royal mummy
 74633 | Tomb:3   | Killed a royal mummy
 74645 | Tomb:3   | Noticed a royal mummy
 74649 | Tomb:3   | Killed a royal mummy
 74649 | Tomb:3   | Noticed a royal mummy
 74654 | Tomb:3   | Killed a royal mummy
 74654 | Tomb:3   | Noticed a royal mummy
 74658 | Tomb:3   | Killed a royal mummy
 74745 | Tomb:3   | Identified the scarf "Cibyqauw" {repulsion, Str+2}
 74789 | Tomb:3   | Identified the +8 arbalest "Ponyloj" {flame, rC+}
 74790 | Tomb:3   | Identified the ring of the Nine Keeping Eyes {*Slow Fly
                  | rC++}
 74821 | Tomb:3   | Identified the +4 chain mail "Nusoof" {Str+2 Int+2 Dex+3}
 74859 | Tomb:3   | Noticed a royal mummy
 74861 | Tomb:3   | Reached skill level 27 in Translocations
 74865 | Tomb:3   | Killed a royal mummy
 74877 | Tomb:3   | Noticed a royal mummy
 74878 | Tomb:3   | Noticed a royal mummy
 74882 | Tomb:3   | Killed a royal mummy
 74883 | Tomb:3   | Reached skill level 5 in Earth Magic
 74883 | Tomb:3   | Noticed a royal mummy
 74884 | Tomb:3   | Killed a royal mummy
 74886 | Tomb:3   | Killed a royal mummy
 74956 | Tomb:3   | Noticed a royal mummy
 74959 | Tomb:3   | Killed a royal mummy
 75089 | Tomb:3   | Got a golden rune of Zot
 75155 | Zig:1    | Entered Level 1 of a ziggurat
 75156 | Zig:1    | Noticed Cigatt the pandemonium lord
 75162 | Zig:1    | Killed Cigatt the pandemonium lord
 75177 | Zig:2    | Entered Level 2 of a ziggurat
 75182 | Zig:2    | Reached skill level 1 in Hexes
 75190 | Zig:2    | Identified the +3 mace of Ehicew {holy, Dex+2 Stlth+}
 75196 | Zig:3    | Entered Level 3 of a ziggurat
 75231 | Zig:4    | Entered Level 4 of a ziggurat
 75269 | Zig:5    | Entered Level 5 of a ziggurat
 75280 | Zig:5    | Reached skill level 10 in Earth Magic
 75285 | Zig:5    | Identified the +10 mace of Dung {venom, *Corrode rPois rF++
                  | Str-5}
 75368 | Zig:6    | Entered Level 6 of a ziggurat
 75386 | Zig:6    | Identified the staff of cold "Xohion" {rC+ Str-2 Int+3
                  | Dex+2}
 75392 | Zig:6    | Identified the ring "Vuufaw" {+Blink rC+ Will+}
 75465 | Zig:7    | Entered Level 7 of a ziggurat
 75479 | Zig:7    | Reached skill level 5 in Hexes
 75496 | Zig:7    | Identified the +0 bardiche of the Moon {flame, rCorr}
 75511 | Zig:8    | Entered Level 8 of a ziggurat
 75562 | Zig:8    | Identified the +0 robe of the Komodo Dragon {Regen+ Str-3
                  | Int+3}
 75622 | Zig:9    | Entered Level 9 of a ziggurat
 75678 | Zig:10   | Entered Level 10 of a ziggurat
 75684 | Zig:10   | Noticed a royal mummy
 75701 | Zig:10   | Killed a royal mummy
 75711 | Zig:10   | Found the +2 Maxwell's thermic engine {flame, freeze, rev}
 75719 | Zig:10   | Identified the staff of cold "Isubru" {rElec rC+}
 75758 | Zig:11   | Entered Level 11 of a ziggurat
 75774 | Zig:11   | Reached skill level 15 in Earth Magic
 75818 | Zig:11   | Identified the staff of air "Petalem" {rElec Str+6}
 75853 | Zig:12   | Entered Level 12 of a ziggurat
 75886 | Zig:12   | Found the +12 pair of quick blades "Gyre" and "Gimble"
                  | {protect}
 75904 | Zig:12   | Identified the ring of Megalomania {rElec Will++ EV+5}
 75918 | Zig:12   | Identified the amulet "Xaubufiy" {Reflect rElec SH+5}
 75924 | Zig:12   | Reached skill level 10 in Hexes
 75929 | Zig:13   | Entered Level 13 of a ziggurat
 75946 | Zig:13   | Paralysed by a floating eye for 3 turns
 75979 | Zig:13   | Identified the +7 rapier of Ehoolee {speed, rPois rC++
                  | Str-3 SInv}
 75984 | Zig:13   | Identified the +3 flail of Slow Death {drain, Will+ rCorr
                  | Int-2}
 76048 | Zig:14   | Entered Level 14 of a ziggurat
 76112 | Zig:14   | Identified the ring of Past Mistakes {Will+ Stlth+}
 76165 | Zig:15   | Entered Level 15 of a ziggurat
 76189 | Zig:15   | Noticed a royal mummy
 76205 | Zig:15   | Killed a royal mummy
 76239 | Zig:15   | Identified the staff of air "Eneusmus" {+Blink rElec rN++}
 76244 | Zig:15   | Identified the ring of Agufup {Fire Contam Will+ Str+3}
 76254 | Zig:15   | Identified the +0 plate armour of Pogg {Int+6 Stlth-}
 76301 | Zig:16   | Entered Level 16 of a ziggurat
 76367 | Zig:16   | Identified the +2 battleaxe of the Original Sin {drain,
                  | rPois MP+9 Str-3 Stlth+}
 76368 | Zig:16   | Identified the +9 broad axe of Valiance {flame, rPois Will+
                  | Int-4 Stlth+}
 76388 | Zig:16   | Identified the amulet of the Heavens {Faith *Slow rElec
                  | rN+}
 76399 | Zig:16   | Identified the staff of poison "Tyeczaca" {rPois rN+ Will+
                  | Int+3 Stlth-}
 76407 | Zig:16   | Identified the +5 morningstar "Opuuthugg" {flame, rF+
                  | Int+4}
 76469 | Zig:17   | Entered Level 17 of a ziggurat
 76583 | Zig:17   | Identified the staff of air "Fibomyoz" {rElec rC+ Str+4}
 76586 | Zig:17   | Identified the +1 leather armour of Gravity {rElec rF+ rC-
                  | Will+ Str+3}
 76600 | Zig:17   | Identified the +3 dire flail of Discomfort {drain, rF+
                  | Str+4 Dex-2 SInv}
 76663 | Zig:18   | Entered Level 18 of a ziggurat
 76886 | Zig:18   | Reached skill level 15 in Hexes
 76909 | Zig:18   | Upgraded the game from 0.31-a0-37-g98a128e1d9 to
                  | 0.31-a0-38-g1548c4f2a5
 76915 | Zig:19   | Entered Level 19 of a ziggurat
 76927 | Zig:19   | Noticed Oprobrit the pandemonium lord
 76927 | Zig:19   | Noticed Qafopu the pandemonium lord
 76928 | Zig:19   | Noticed Jeopona the pandemonium lord
 76930 | Zig:19   | Noticed Lymonkoef the pandemonium lord
 76931 | Zig:19   | Noticed Xaimaehu the pandemonium lord
 76945 | Zig:19   | Killed Oprobrit the pandemonium lord
 76946 | Zig:19   | Killed Qafopu the pandemonium lord
 76946 | Zig:19   | Killed Xaimaehu the pandemonium lord
 76946 | Zig:19   | Killed Lymonkoef the pandemonium lord
 76946 | Zig:19   | Noticed Tunat the pandemonium lord
 76948 | Zig:19   | Noticed Bautzam the pandemonium lord
 76949 | Zig:19   | Noticed Qairos the pandemonium lord
 76950 | Zig:19   | Killed Jeopona the pandemonium lord
 76954 | Zig:19   | Noticed Axoles the pandemonium lord
 76972 | Zig:19   | Killed Qairos the pandemonium lord
 76987 | Zig:19   | Killed Tunat the pandemonium lord
 76992 | Zig:19   | Killed Axoles the pandemonium lord
 76996 | Zig:19   | Killed Bautzam the pandemonium lord
 77055 | Zig:19   | Identified the +1 ring mail "Omeis" {rCorr Slay+2}
 77112 | Zig:20   | Entered Level 20 of a ziggurat
 77236 | Zig:20   | Found the +7 great mace "Firestarter" {flame, immolate,
                  | rFlCloud rF++}
 77237 | Zig:20   | Found the +8 lance "Wyrmbane" {slay drac, rPois rF+ rC+
                  | AC+3}
 77242 | Zig:20   | Identified the +4 rapier of Nemelex Xobeh, Growing {heavy,
                  | rPois rN+ Will+ Str+3}
 77244 | Zig:20   | Identified the +2 falchion of the Viny God {freeze, rPois
                  | rC+ Str+6 Dex-5}
 77254 | Zig:20   | Identified the +10 plate armour "Cejoyzix" {rElec rC+}
 77328 | Zig:20   | Identified the +7 spear of Starshine {venom, +Blink Int+2
                  | Stlth+}
 77349 | Zig:21   | Entered Level 21 of a ziggurat
 77365 | Zig:21   | Paralysed by a wendigo for 1 turns
 77424 | Zig:21   | Identified the staff of fire "Acyelaul" {rF+ Dex+3}
 77437 | Zig:21   | Identified the +11 great mace of Moshrym {heavy, rElec}
 77466 | Zig:22   | Entered Level 22 of a ziggurat
 77617 | Zig:22   | Identified the +6 flail of Dust {vamp, MP+9 Str+2 Int+3}
 77621 | Zig:22   | Identified the staff of poison "Zuxyas" {rPois rN+ Dex+4}
 77622 | Zig:22   | Identified the +8 sling of the Neverending Places {freeze,
                  | *Slow rElec Int+5}
 77683 | Zig:23   | Entered Level 23 of a ziggurat
 77690 | Zig:23   | Noticed a royal mummy
 77692 | Zig:23   | Noticed a royal mummy
 77693 | Zig:23   | Killed a royal mummy
 77701 | Zig:23   | Killed a royal mummy
 77706 | Zig:23   | Noticed a royal mummy
 77707 | Zig:23   | Noticed a royal mummy
 77709 | Zig:23   | Killed a royal mummy
 77710 | Zig:23   | Noticed a royal mummy
 77712 | Zig:23   | Noticed a royal mummy
 77713 | Zig:23   | Noticed a royal mummy
 77714 | Zig:23   | Noticed an ancient lich
 77727 | Zig:23   | Killed a royal mummy
 77734 | Zig:23   | Killed a royal mummy
 77734 | Zig:23   | Killed a royal mummy
 77734 | Zig:23   | Killed an ancient lich
 77735 | Zig:23   | Noticed a royal mummy
 77735 | Zig:23   | Killed a royal mummy
 77735 | Zig:23   | Noticed a royal mummy
 77738 | Zig:23   | Killed a royal mummy
 77738 | Zig:23   | Killed a royal mummy
 77738 | Zig:23   | Noticed a royal mummy
 77739 | Zig:23   | Reached skill level 27 in Earth Magic
 77742 | Zig:23   | Noticed a royal mummy
 77743 | Zig:23   | Killed a royal mummy
 77754 | Zig:23   | Killed a royal mummy
 77818 | Zig:23   | Identified the +0 storm dragon scales of Nihilism {rElec
                  | rC++}
 77819 | Zig:23   | Identified the staff of poison "Lyprote" {rElec rPois}
 77838 | Zig:23   | Identified the +1 short sword "Asusiul" {speed, Str+2}
 77839 | Zig:23   | Identified the +7 chain mail of Valour {+Blink Dex+5
                  | Stlth+}
 77842 | Zig:23   | Identified the +0 helmet "Wonniupte" {rC+ Will+}
 77844 | Zig:23   | Identified the amulet "Qiaxoata" {Acrobat +Inv}
 77969 | Zig:24   | Entered Level 24 of a ziggurat
 77979 | Zig:24   | Noticed an ancient lich
 78039 | Zig:24   | Killed an ancient lich
 78043 | Zig:24   | Noticed an ancient lich
 78048 | Zig:24   | Noticed a dread lich
 78050 | Zig:24   | Killed a dread lich
 78052 | Zig:24   | Killed an ancient lich
 78086 | Zig:24   | Found the amulet of Vitality {RegenMP++ Regen++}
 78096 | Zig:24   | Identified the staff of cold "Febbym" {Fly rElec rC+ Int+6}
 78099 | Zig:24   | Identified the ring of Magoex {rPois rN+ Str+2}
 78111 | Zig:24   | Identified the ring "Guru" {Fire rElec rPois Stlth-}
 78144 | Zig:24   | Identified the +1 morningstar of Day {spect, rF+}
 78154 | Zig:24   | Identified the +9 mace of Red Defence by Offence
                  | {antimagic, +Blink}
 78155 | Zig:24   | Identified the +4 morningstar of Gyhe Taiko {pain, rPois
                  | rC+ rN+}
 78209 | Zig:25   | Entered Level 25 of a ziggurat
 78227 | Zig:25   | Noticed a royal mummy
 78230 | Zig:25   | Noticed a royal mummy
 78242 | Zig:25   | Killed a royal mummy
 78242 | Zig:25   | Killed a royal mummy
 78265 | Zig:25   | Noticed a royal mummy
 78268 | Zig:25   | Noticed a royal mummy
 78270 | Zig:25   | Killed a royal mummy
 78272 | Zig:25   | Killed a royal mummy
 78276 | Zig:25   | Noticed a royal mummy
 78276 | Zig:25   | Noticed a royal mummy
 78277 | Zig:25   | Noticed a royal mummy
 78278 | Zig:25   | Killed a royal mummy
 78279 | Zig:25   | Killed a royal mummy
 78281 | Zig:25   | Killed a royal mummy
 78333 | Zig:25   | Got the Octavo of Familiar Vicissitude
 78334 | Zig:25   | Identified the ring of Oqismos {Fly rC- MP+9 Dex-5 SInv}
 78342 | Zig:25   | Identified the +1 flail of Welfare {freeze, rPois Will+}
 78345 | Zig:25   | Identified the +6 rapier of Wyrd {drain, rN+++ Int-4 Dex+5}
 78349 | Zig:25   | Identified the +2 robe of Marbles {-Tele rPois Will+++
                  | Int+3}
 78353 | Zig:25   | Identified the +5 short sword "Zaruesh" {heavy, rCorr Str+3
                  | Dex+4 Stlth+}
 78355 | Zig:25   | Identified the +6 war axe of Articulation {venom, rC+ rN+
                  | Dex+2 Stlth+}
 78357 | Zig:25   | Identified the +6 great sword of Feucrig {heavy, *Rage
                  | rF++}
 78362 | Zig:25   | Identified the +7 whip of Wounding {pain, Str+3}
 78383 | Zig:26   | Entered Level 26 of a ziggurat
 78448 | Zig:26   | Noticed a dread lich
 78451 | Zig:26   | Killed a dread lich
 78463 | Zig:26   | Noticed an ancient lich
 78466 | Zig:26   | Killed an ancient lich
 78469 | Zig:26   | Noticed a dread lich
 78474 | Zig:26   | Noticed an ancient lich
 78474 | Zig:26   | Killed a dread lich
 78474 | Zig:26   | Noticed a dread lich
 78483 | Zig:26   | Killed an ancient lich
 78483 | Zig:26   | Killed a dread lich
 78488 | Zig:26   | Noticed an ancient lich
 78489 | Zig:26   | Noticed an ancient lich
 78491 | Zig:26   | Noticed a dread lich
 78494 | Zig:26   | Killed an ancient lich
 78499 | Zig:26   | Killed a dread lich
 78500 | Zig:26   | Noticed an ancient lich
 78501 | Zig:26   | Killed an ancient lich
 78501 | Zig:26   | Noticed a dread lich
 78505 | Zig:26   | Killed a dread lich
 78505 | Zig:26   | Killed an ancient lich
 78573 | Zig:26   | Identified the +5 shortbow "Kere" {freeze, rN+ Int-5 Dex+2
                  | SInv}
 78585 | Zig:26   | Identified the +2 ring mail "Geclumyf" {Harm Drain Regen+
                  | Int+6}
 78586 | Zig:26   | Identified the +7 arbalest of Subjectivity {penet, rC+
                  | Dex+2}
 78589 | Zig:26   | Identified the +5 arbalest "Dragonslayer" {freeze, rC+
                  | Str+7}
 78599 | Zig:26   | Identified the +8 hand crossbow "Ykaen" {antimagic, rElec
                  | Int+3 Dex+4}
 78603 | Zig:26   | Identified the staff of poison "Kaidath" {rPois Str+4}
 78604 | Zig:26   | Identified the +1 scale mail of Knowledge {rN+ Will+}
 78605 | Zig:26   | Identified the +9 rapier of the Nexus {freeze, rF+ rC+}
 78637 | Zig:27   | Entered Level 27 of a ziggurat
 78693 | Zig:27   | Noticed an ancient lich
 78696 | Zig:27   | Noticed an ancient lich
 78700 | Zig:27   | Killed an ancient lich
 78703 | Zig:27   | Killed an ancient lich
 78713 | Zig:27   | Noticed an ancient lich
 78714 | Zig:27   | Killed an ancient lich
 78735 | Zig:27   | Found the +7 sceptre of Torment {pain, torment}
 78762 | Zig:27   | Identified the ring of Nant {rN+ Int+3}
 78764 | Zig:27   | Identified the staff of cold "Qyrradew" {Fragile rPois rC+
                  | rCorr Int+2}
 78777 | Zig:27   | Identified the +3 great sword of Zesot {freeze, *Slow Will+
                  | Str+2}
 78813 | Zig:27   | Identified the staff of cold "Deruit" {rC+ Str+3}
 79520 | Zot:1    | Entered Level 1 of the Realm of Zot
 80478 | Zot:2    | Noticed nago's ghost (legendary HuAE)
 80479 | Zot:2    | Noticed erloom's ghost (veteran MiFi)
 80488 | Zot:2    | Found a transporter.
 80506 | Zot:2    | Found a transporter.
 80514 | Zot:2    | Noticed an orb of fire
 80577 | Zot:2    | Killed an orb of fire
 80587 | Zot:2    | Killed erloom's ghost
 80588 | Zot:2    | Reached skill level 27 in Hexes
 80588 | Zot:2    | Reached skill level 1 in Spellcasting
 80592 | Zot:2    | Killed nago's ghost
 80612 | Zot:2    | Identified the +0 hat "Giamec" {Int+7}
 80616 | Zot:2    | Identified the -1 pair of boots of Pandemonium {Str+2}
 80772 | Zot:2    | Reached skill level 5 in Spellcasting
 82023 | Zot:4    | Reached skill level 10 in Spellcasting
 82412 | Zot:4    | Found a runed translucent door.
 82415 | Zot:4    | Found a shimmering altar of Xom.
 82415 | Zot:4    | Noticed Odghynix's ghost (master TrAr)
 82441 | Zot:4    | Killed Odghynix's ghost
 82851 | Zot:5    | Entered Level 5 of the Realm of Zot
 83441 | Zot:5    | Noticed an ancient lich
 83443 | Zot:5    | Killed an ancient lich
 83507 | Zot:5    | Noticed an orb of fire
 83507 | Zot:5    | Noticed a dread lich
 83507 | Zot:5    | Noticed a dread lich
 83508 | Zot:5    | Killed a dread lich
 83510 | Zot:5    | Killed an orb of fire
 83510 | Zot:5    | Killed a dread lich
 83715 | Zot:5    | Reached skill level 15 in Spellcasting
 83779 | Zot:5    | Noticed an orb of fire
 83786 | Zot:5    | Killed an orb of fire
 83790 | Zot:5    | Got the Orb of Zot
 83967 | Zot:2    | Noticed Reoschuk the pandemonium lord
 83978 | Zot:2    | Killed Reoschuk the pandemonium lord
 84043 | Depths:4 | Noticed Deleum the pandemonium lord
 84050 | Depths:4 | Killed Deleum the pandemonium lord
 84577 | D:$      | Escaped with the Orb!

Illustrated notes

Levels and vault maps discovered:
D:1:      heliophobic_arrival_battle_scene, layout_rooms,
          hellmonk_ecumenical_altar_run_dry, minivault_27,
          dreamdust_princess_corridor
D:2:      layout_basic, uniq_crazy_yiuf_cottage
D:3:      gammafunk_steamed_eel, layout_basic, uniq_robin, uniq_natasha
D:4:      layout_cave_pods, minmay_misc_feat_tiny, uniq_pikel, uniq_eustachio
D:5:      layout_loops_corners, lemuel_crystal_altar
D:6:      lemuel_slime, layout_cave_pools, gup_sewer_entry_pipe, serial_shops,
          shop, shop, shop, nicolae_shop_tiny_glass, uniq_prince_ribbit1
D:7:      kennysheep_steamy, layout_basic, temple_green, serial_shops,
          nicolae_shop_tiny_real_fake_doors
D:8:      layout_rooms, nicolae_overflows_in_rows, hellmonk_bongcloud_opening,
          nicolae_nh_ransacked_shop
D:9:      layout_basic, uniq_harold, uniq_grum
D:10:     layout_stronghold, old_standard_altar, grunt_lair_entry_orc_guard_hut,
          hangedman_abyss_or_decor_lesser_grid, minmay_misc_feat_cross,
          lightli_fourway_metalbox, uniq_lodul
D:11:     layout_basic, nicolae_island_escapes, uniq_sonja, uniq_snorg,
          uniq_maurice, uniq_psyche
D:12:     layout_basic, hiddenorc2_lemuel, minmay_misc_feat_rows
D:13:     layout_cave_pools, ximxim_vaults_locker_room, serial_shops,
          nicolae_shop_pleasant_corner_grove
D:14:     layout_big_octagon, fedhas_altar_4, hangedman_corner_corridor
D:15:     hangedman_depths_entry_civil_slaughter, layout_stronghold,
          serial_shops, shop, nzn_wu_jian_contemplation
Temple:   hellmonk_temple_beads
Lair:1:   layout_misc_corridors, nicolae_quartered_pool_little, uniq_gastronok
Lair:2:   layout_cave_pods, minmay_shoals_entry_lonely_mermaid,
          minmay_snake_entry_guardpost_small
Lair:3:   layout_regular_city, basic_altar, serial_bayou_crossing
Lair:4:   layout_cave_pods
Lair:5:   evilmike_catoblepas_cave, layout_regular_city,
          dpeg_slime_entry_enclosed, gauntlet_entry_generic,
          serial_bayou_pond_e, lemuel_fruit_tree
Shoals:1: layout_shoals, gammafunk_ghost_berserking_beasts, overgrown_statue
Shoals:2: layout_shoals, serial_shops, nicolae_book_shop_shelving
Shoals:3: layout_shoals, nicolae_shoals_lost_giant_pillars
Shoals:4: shoals_end_hellmonk_storm_palace [storm_palace_center_square,
          storm_palace_corner_grid, storm_palace_corner_reverse_hut,
          storm_palace_corner_narrow, storm_palace_corner_blocked]
Snake:1:  layout_rooms, grunt_megastairs_1
Snake:2:  layout_rooms, serial_bayou, serial_bayou_pond_d, serial_bayou_shore_b,
          serial_bayou_pond_d, serial_bayou_lagoon_b
Snake:3:  layout_honeycomb, serial_shops, nicolae_take_the_stairs, shop, shop,
          nicolae_shop_hallway_stairs, drop_trap, grunt_megastairs_4
Snake:4:  johnstein_snake_rune_scales, layout_basic, serial_bayou_shore_b,
          uniq_aizul
Slime:1:  layout_caves
Slime:2:  layout_caves, cheibrodos_slime_lost_civilization_6
Slime:3:  layout_caves, basic_altar, nicolae_slime_phagocytosis
Slime:4:  layout_caves, dissolution_awaits
Slime:5
Orc:1:    layout_diamond_mine
Orc:2:    st_orc_pillars, layout_caves, serial_shops,
          nicolae_shop_tiny_real_fake_doors
Elf:1:    minmay_elf_arrival_circle, layout_rooms, serial_glass,
          glass_columns_a, glass_columns_a, minivault_28
Elf:2:    elven_hall_of_blades_hangedman_alternative
          [nicolae_blade_little_rooms], layout_rooms, serial_shops,
          nicolae_shop_tiny_waterfront, nicolae_shop_crystal,
          nicolae_shop_i_like_big_books, uniq_roxanne
Elf:3:    elf_hall, layout_rooms
Vaults:1: ontoclasm_vaults_gateway, v_misc_25, nicolae_vaults_network_barrier,
          v_misc_14, nicolae_vaults_sesquioval_fish, vaults_room_hallway,
          vaults_room_door_ring, nicolae_vaults_trapezoid_lopsided_3, v_misc_4,
          vaults_room_ringed_pool, vaults_room_door_hall,
          nicolae_vaults_storage_closets_2, v_pattern_2, nicolae_vaults_two_Ls,
          vaults_room_stairs_pillars, layout_vaults_omnicross, serial_shops,
          nicolae_shop_window_shopping
Vaults:2: nicolae_vaults_swerve, hangedman_vaults_unwind, vaults_room_hallway,
          dpeg_vaults_hating_casters, nicolae_vaults_six-pack,
          ontoclasm_vaults_claustrophobia, layout_vaults_omnigrid,
          minmay_crypt_entry_simple_statues, uniq_bai_suzhen
Vaults:3: v_misc_2, nicolae_vaults_closet_pinwheel_1,
          hangedman_vaults_stretched_pinwheel, nicolae_vaults_apartment_1,
          nicolae_vaults_mush_room, hangedman_vaults_variations,
          nicolae_vaults_asterisk, nicolae_vaults_trapezoid_2, v_pattern_5,
          layout_vaults_ring
Vaults:4: v_misc_33, nicolae_vaults_hallways_thing,
          nicolae_vaults_storage_room_doors, hangedman_vaults_corner_blocks,
          nicolae_vaults_house_3, nicolae_vaults_c_with_doors,
          vaults_room_corners, nicolae_vaults_storage_room_glass,
          nicolae_vaults_trapezoid_1, layout_vaults_chaotic_city
Vaults:5: uniq_boris, uniq_mara, uniq_saint_roka, uniq_margery, uniq_xtahua
Crypt:1:  cheibrodos_crypt_3hun_7po, layout_basic, gammafunk_ghost_arena,
          grunt_megastairs_2, grunt_crypt_arrival_split, uniq_zenata, uniq_jory
Crypt:2:  layout_catacombs, uniq_frederick
Crypt:3:  david_glass_crypt, layout_misc_corridors, tomb_entry_simple_bobbens,
          st_chilly_death
Tomb:1
Tomb:2
Tomb:3
Depths:1: layout_cave_pools, hell_entry, rand_demon_pan_entry_9,
          grunt_decor_mini_mirrors, eat_drink_and_be_merry_uskayaw,
          minmay_shoptagon, uniq_sojobo
Depths:2: kennysheep_spiral_hall, layout_basic, enter_ziggurat_a, serial_shops,
          nicolae_shop_behind_doors, pan_entry, hangedman_abyss_entry_splay,
          kennysheep_another_room, hell_entry
Depths:3: hangedman_cross_stitches, layout_gridville, abyss_entry,
          chequers_serial_rivers_large_a, hell_entry
Depths:4: grunt_profane_halls [grunt_profane_temple_tar,
          grunt_profane_temple_coc, grunt_profane_temple_dis,
          grunt_profane_temple_geh, grunt_zot_portal], hell_entry, pan_entry
Hell
Dis:1:    layout_gridville
Dis:2:    layout_jigsaw
Dis:3:    layout_gridville
Dis:4:    hangedman_dis_monolith, layout_regular_city
Dis:5:    layout_gridville
Dis:6:    layout_gridville
Dis:7:    iron_city_of_dis [dis_mu, dis_wall_5], layout_gridville
Geh:1:    layout_gehenna_pools_basic
Geh:2:    nicolae_geh_erupted_tower, layout_gehenna_pools_basic
Geh:3:    layout_gehenna_lava_caves, nicolae_geh_amphitheater
Geh:4:    layout_gehenna_lava_caves
Geh:5:    layout_gehenna_pools_box
Geh:6:    layout_gehenna_pools_basic, nicolae_hells_seeping_fissure
Geh:7:    evilmike_geh
Coc:1:    layout_ice_bergs
Coc:2:    layout_ice_bergs
Coc:3:    layout_ice_bergs
Coc:4:    layout_ice_bergs
Coc:5:    layout_ice_bergs
Coc:6:    layout_ice_bergs
Coc:7:    coc_grunt_cove [coc_grunt_cove_antaeus, coc_grunt_cove_fiend,
          coc_grunt_cove_fiend, coc_grunt_cove_fiend, coc_grunt_cove_fiend]
Tar:1:    layout_catacombs, nicolae_hells_seeping_fissure
Tar:2:    layout_catacombs
Tar:3:    layout_cathedral_of_symmetry
Tar:4:    layout_grid_maze
Tar:5:    layout_cathedral_of_symmetry
Tar:6:    layout_catacombs
Tar:7:    tar_grunt_cathedral
Zot:1:    layout_cellular_growth
Zot:2:    layout_onion_interference, nzn_ghost_randoct
Zot:3:    layout_gridlike
Zot:4:    layout_basic, ebering_ghost_xom
Zot:5:    layout_basic, st_stairs_11

Skill      XL: |  1  2  3  4  5  6  7  8  9 10 11 12 13 14 15 16 17 18 19 20 21 22 23 24 25 26 27 |
---------------+----------------------------------------------------------------------------------+-----
Dodging        | 1 2 3 6 7 8 9 10 11 12 13 14 15 16 17 27 | 27.0
Shields        | 4 5 6 8 9 10 11 12 13 14 15 17 18 19 20 21 22 23 27 | 27.0
Armour         | 4 5 6 8 9 10 11 12 13 14 15 16 17 18 19 20 21 27 | 27.0
Fighting       | 4 5 6 8 9 10 11 12 13 14 15 16 17 18 19 20 21 27 | 27.0
Maces & Flails | 3 4 5 7 8 9 10 11 12 13 14 15 16 17 18 19 27 | 27.0
Invocations    | 2 4 6 8 9 10 12 13 14 16 17 19 20 21 27 | 27.0
Translocations | 4 6 8 10 27 | 27.0
Earth Magic    | 27 | 27.0
Hexes          | 27 | 27.0
Spellcasting   | 16 | 16.7

Action                     |  1- 3 |  4- 6 |  7- 9 | 10-12 | 13-15 | 16-18 | 19-21 | 22-24 | 25-27 || total
---------------------------+-------+-------+-------+-------+-------+-------+-------+-------+-------++-------
  Melee: Flail             |   112 |     5 |    25 |       |       |       |       |       |       ||   142
         Quarterstaff      |    12 |    89 |       |       |       |       |       |       |       ||   101
         Whip              |       |       |    93 |   673 |   201 |       |       |       |       ||   967
         Morningstar       |       |       |       |       |   734 |  1073 |  1345 |  1218 |   515 ||  4885
         Eveningstar       |       |       |       |       |       |       |       |       |  6060 ||  6060
         Great mace        |       |       |       |       |       |       |       |       |  1355 ||  1355
   Cast: Lesser Beckoning  |       |       |       |       |       |       |       |       |    52 ||    52
         Gell's Gravitas   |       |       |       |       |       |       |       |       |    23 ||    23
         Manifold Assault  |       |       |       |       |       |       |       |       |  1038 ||  1038
         Vhi's Electric Ch |       |       |       |       |       |       |       |       |    25 ||    25
         Dispersal         |       |       |       |       |       |       |       |       |    10 ||    10
         Disjunction       |       |       |       |       |       |       |       |       |     1 ||     1
 Invoke: Divine Shield     |       |       |       |     1 |     9 |    11 |    10 |    10 |    59 ||   100
         Summon Divine War |       |       |       |       |       |     6 |     2 |     5 |    27 ||    40
         Cleansing Flame   |       |       |       |       |       |     3 |     4 |     9 |    74 ||    90
         Brand Weapon With |       |       |       |       |       |       |       |       |     1 ||     1
  Evoke: Wand              |       |       |       |       |     3 |       |       |       |     6 ||     9
         Phantom mirror    |       |       |       |       |       |       |       |       |     7 ||     7
         Figurine of a zig |       |       |       |       |       |       |       |       |     2 ||     2
    Use: Scroll            |       |     1 |     7 |     9 |    13 |     4 |     7 |     3 |    40 ||    84
         Potion            |       |       |     1 |     5 |     1 |     2 |     1 |       |    79 ||    89
 Armour: Scale mail        |    96 |    76 |    53 |    56 |       |       |       |       |       ||   281
         Chain mail        |       |       |       |   117 |   238 |   154 |   560 |   139 |       ||  1208
         Plate armour      |       |       |       |       |   273 |   282 |       |       |       ||   555
         Crystal plate arm |       |       |       |       |       |       |       |   594 |  2497 ||  3091
         Skin              |       |       |       |       |       |       |       |       |    11 ||    11
  Dodge: Dodged            |    63 |    77 |    59 |   267 |   498 |   473 |   622 |   477 |  2020 ||  4556
  Block: Buckler           |    31 |     1 |    25 |   194 |   426 |       |       |       |       ||   677
         Kite shield       |       |       |       |       |    68 |  1159 |   939 |  1577 |  5523 ||  9266
         Tower shield      |       |       |       |       |       |       |   653 |       |       ||   653
         Reflection        |       |       |       |       |       |       |    76 |       |       ||    76
         Other             |       |       |       |       |       |       |       |       |    98 ||    98

Table legend: (Time is in decaauts)
 A = Elapsed time spent in this place.
 B = Non-inter-level travel time spent in this place.
 C = Inter-level travel time spent in this place.
 D = Time resting spent in this place.
 E = Time spent auto-exploring this place.
 F = Levels seen in this place.
 G = Mean time per level.
                   A        B        C        D        E       F      G
               +--------+--------+--------+--------+--------+-----+--------+
         Total |  81919 |  73501 |   8418 |   4556 |  32418 | 152 |  538.9 |
       Dungeon |  15549 |  12472 |   3077 |    516 |   8560 |  15 | 1036.6 |
        Temple |    169 |     96 |     73 |      0 |     79 |   1 |  169.0 |
          Lair |   6368 |   5543 |    825 |    237 |   3762 |   5 | 1273.6 |
        Shoals |   3541 |   3456 |     85 |     31 |   1807 |   4 |  885.2 |
     Snake Pit |   3423 |   3068 |    355 |     52 |   1765 |   4 |  855.8 |
    Slime Pits |    991 |    945 |     46 |     58 |     92 |   5 |  198.2 |
  Orcish Mines |   1774 |   1456 |    318 |     50 |    748 |   2 |  887.0 |
   Elven Halls |   3143 |   2767 |    376 |    105 |   1128 |   3 | 1047.7 |
        Vaults |   6999 |   5996 |   1003 |    161 |   3815 |   5 | 1399.8 |
         Crypt |   3032 |   2506 |    526 |      0 |   1526 |   3 | 1010.7 |
          Tomb |   2134 |   1963 |    171 |     74 |     77 |   3 |  711.3 |
        Depths |   4864 |   4091 |    773 |    321 |   1892 |   4 | 1216.0 |
          Hell |    823 |    660 |    163 |     74 |    303 |   1 |  823.0 |
           Dis |   2841 |   2671 |    170 |    410 |    378 |   7 |  405.9 |
       Gehenna |   1750 |   1705 |     45 |    157 |      0 |   7 |  250.0 |
       Cocytus |   1828 |   1711 |    117 |     98 |    267 |   7 |  261.1 |
      Tartarus |   2039 |   1948 |     91 |      6 |    497 |   7 |  291.3 |
           Zot |   4399 |   4197 |    202 |    450 |   2557 |   5 |  879.8 |
         Abyss |    941 |    941 |      0 |      0 |      0 |   3 |  313.7 |
   Pandemonium |   8843 |   8843 |      0 |    548 |   2941 |  13 |  680.2 |
      Ziggurat |   5656 |   5656 |      0 |   1120 |      3 |  46 |  123.0 |
         Sewer |    367 |    367 |      0 |      0 |    219 |   1 |  367.0 |
      Gauntlet |    435 |    435 |      0 |     85 |      0 |   1 |  435.0 |
               +--------+--------+--------+--------+--------+-----+--------+

Top non-repeatable levels by time:
   Dis:7: 2047 daAuts
Vaults:1: 1840 daAuts
    D:10: 1573 daAuts
Vaults:4: 1571 daAuts
Vaults:2: 1528 daAuts
  Lair:4: 1486 daAuts
Depths:4: 1481 daAuts
    D:15: 1469 daAuts
    D:13: 1400 daAuts
     D:9: 1351 daAuts
  Lair:5: 1350 daAuts
  Lair:3: 1334 daAuts
   Elf:3: 1329 daAuts
     D:7: 1298 daAuts
   Orc:2: 1257 daAuts
